 Dungeon Crawl Stone Soup version 0.29.1 (webtiles) character file.

Game seed: 9052505585332346228

471544 qw the Slayer (level 24, -4/172 HPs)
             Began as a Gargoyle Fighter on Sept 13, 2022.
             Was a High Priest of Okawaru.
             Slain by a yellow draconian
             ... wielding a +0 halberd
              (9 damage)
             ... on level 1 of the Realm of Zot.
             The game lasted 00:29:40 (50498 turns).

qw the Slayer (Gargoyle Fighter)                   Turns: 50498, Time: 00:29:40

Health: -4/172     AC: 65    Str: 43    XL:     24   Next: 36%
Magic:  39/39      EV: 10    Int: 12    God:    Okawaru [*****.]
Gold:   174        SH: 24    Dex:  8    Spells: 23/23 levels left

rFire   + + .      SeeInvis +   M - +5 broad axe (vamp)
rCold   . . .      Faith    .   J - +2 tower shield
rNeg    + + +      Spirit   .   N - +8 plate armour {rPois}
rPois   inf        Reflect  .   o - +2 helmet "Foic" {rN+ Int+2}
rElec   +          Harm     .   E - +2 cloak {Will+}
rCorr   +          Rampage  .   f - +2 pair of gloves
Will    +++..                   j - +2 pair of boots
Stlth   ..........              U - amulet of Beauty {rPois rN+ Will+ Regen+ MP+9}
HPRegen 1.18/turn               T - ring of Pragmatism {rPois rF++ rCorr Str+6 Int+3}
MPRegen 0.26/turn               X - ring "Axzeme" {+Blink rPois Str+2 Int-2 SInv}

@: about to teleport, heroic, flying, constricted
A: sickness immunity, AC +18, big wings, negative energy resistance 1,
electricity resistance, torment resistance 1, petrification resistance, talons
1, strong 1
}: 3/15 runes: decaying, serpentine, silver
a: Renounce Religion, Evoke Blink, Heroism, Finesse, Duel


You were on level 1 of the Realm of Zot.
You worshipped Okawaru.
Okawaru was extremely pleased with you.
You visited 9 branches of the dungeon, and saw 41 of its levels.
You visited the Abyss 1 time.
You also visited: Wizlab.

You collected 4792 gold pieces.
You spent 4618 gold pieces at shops.


Innate Abilities, Weirdness & Mutations

You are immune to sickness and miasma.
Your stone body is resilient. (AC +18)
You are immune to poison.
Your large and strong wings let you fly.
You resist negative energy. (rN+)
You are resistant to electric shocks. (rElec)
You are resistant to unholy torment.
You are immune to petrification.
You have sharp toenails.
Your muscles are strong. (Str +4, Int/Dex -1)


   Skills:
 - Level 23.7(27) Fighting
 - Level 18.0(23.0) Axes
 - Level 13.0(18.0) Throwing
 - Level 22.0(27) Armour
 - Level 7.0(12.0) Dodging
 + Level 19.9(24.9) Shields
 - Level 10.0 Invocations


You had 23 spell levels left.
You didn't know any spells.
Your spell library was empty.

Inventory:

Hand Weapons
 q - the +11 hand axe "Kouronek" {vamp, rCorr MP+9 Str-3 Int+4}
   (Okawaru gifted it to you on level 4 of the Lair of Beasts)

   It occasionally heals its wielder for a portion of the damage dealt when it
   wounds a living foe.
   Str:       It affects your strength (-3).
   Int:       It affects your intelligence (+4).
   MP:        It affects your magic capacity (+9).
   rCorr:     It protects you from acid and corrosion.
 M - a +5 vampiric broad axe (weapon)
 O - a +6 broad axe of freezing
Missiles
 a - 11 silver javelins (quivered)
 t - 39 boomerangs
 B - 8 boomerangs of dispersal
 G - 6 silver boomerangs
 K - 10 javelins
Armour
 f - a +2 pair of gloves (worn)
 j - a +2 pair of boots (worn)
 o - the +2 helmet "Foic" (worn) {rN+ Int+2}
   (Okawaru gifted it to you on level 2 of the Lair of Beasts)

   Int:       It affects your intelligence (+2).
   rN:        It protects you from negative energy.
 w - the +6 kite shield of Wonder {rCorr Str+4 Int+3 Slay+3}
   (Okawaru gifted it to you on level 3 of the Swamp)

   Str:       It affects your strength (+4).
   Int:       It affects your intelligence (+3).
   Slay:      It affects your accuracy & damage with ranged weapons and melee
   (+3).
   rCorr:     It protects you from acid and corrosion.
 x - the +0 pair of gloves of Veuweffa {rCorr}
   (Okawaru gifted it to you on level 4 of the Vaults)

   rCorr:     It protects you from acid and corrosion.
 C - the +1 scale mail "Zoinimol" {rN+ Will- rCorr}
   (Okawaru gifted it to you on level 4 of the Vaults)

   rN:        It protects you from negative energy.
   rCorr:     It protects you from acid and corrosion.
   Will:      It decreases your willpower.
 E - a +2 cloak of willpower (worn)
 J - a +2 tower shield (worn)
 N - a +8 plate armour of poison resistance (worn)
 S - +0 gold dragon scales
Jewellery
 e - the ring "Saoff" {rC+++ rN+ rCorr Str-5 Int-4 Stlth+}
   (You acquired it on level 1 of the Vaults)

   [ring of resist corrosion]

   Str:       It affects your strength (-5).
   Int:       It affects your intelligence (-4).
   rC:        It renders you almost immune to cold.
   rN:        It protects you from negative energy.
   rCorr:     It protects you from acid and corrosion.
   Stlth:     It makes you more stealthy.
 k - an amulet of reflection
 u - a ring of protection from cold
 v - a ring of protection from cold
 A - the ring "Naware" {+Blink rCorr Str+6 Dex-4}
   (You acquired it on level 3 of the Snake Pit)

   [ring of resist corrosion]

   Str:       It affects your strength (+6).
   Dex:       It affects your dexterity (-4).
   +Blink:    It lets you blink.
   rCorr:     It protects you from acid and corrosion.
 F - a ring of protection from fire
 L - a +4 ring of evasion
 P - the amulet "Kocastosm" {*Slow rElec Will+ Regen+ Str+4}
   (You found it on level 2 of the Depths)

   [amulet of regeneration]

   Str:       It affects your strength (+4).
   rElec:     It insulates you from electricity.
   Regen:     It increases your rate of health regeneration.
   *Slow:     It may slow you when you take damage.
   Will:      It increases your willpower.
 T - the ring of Pragmatism (left hand) {rPois rF++ rCorr Str+6 Int+3}
   (You found it on level 5 of the Vaults)

   [ring of strength]

   Str:       It affects your strength (+6).
   Int:       It affects your intelligence (+3).
   rF:        It greatly protects you from fire.
   rPois:     It protects you from poison.
   rCorr:     It protects you from acid and corrosion.
 U - the amulet of Beauty (around neck) {rPois rN+ Will+ Regen+ MP+9}
   (You acquired it on level 5 of the Vaults)

   [amulet of regeneration]

   rPois:     It protects you from poison.
   rN:        It protects you from negative energy.
   MP:        It affects your magic capacity (+9).
   Regen:     It increases your rate of health regeneration.
   Will:      It increases your willpower.
 X - the ring "Axzeme" (right hand) {+Blink rPois Str+2 Int-2 SInv}
   (You bought it in a shop on level 5 of the Vaults)

   [ring of see invisible]

   Str:       It affects your strength (+2).
   Int:       It affects your intelligence (-2).
   rPois:     It protects you from poison.
   SInv:      It lets you see invisible.
   +Blink:    It lets you blink.
 Y - a +4 ring of evasion
Scrolls
 c - 13 scrolls of teleportation
 l - 27 scrolls of identify
 D - 3 scrolls of brand weapon
 H - 9 scrolls of blinking
Potions
 b - 6 potions of cancellation
 d - 11 potions of might
 g - 15 potions of haste
 h - 5 potions of magic
 i - 8 potions of lignification
 m - 20 potions of curing
 n - 9 potions of attraction
 p - 20 potions of mutation
 z - 2 potions of resistance
 I - 6 potions of heal wounds

Dungeon Overview and Level Annotations

Branches:
Dungeon (15/15)            Temple (1/1) D:4            Lair (5/5) D:9
  Swamp (4/4) Lair:3        Snake (4/4) Lair:2        Slime (0/5) Lair:4
    Orc (2/2) D:10            Elf (0/3) Orc:2        Vaults (5/5) D:14
  Crypt (0/3) Vaults:2     Depths (4/4) D:15            Zot (1/5) Depths:4
 WizLab (visited)

Altars:
Ashenzari
Cheibriados
Dithmenos
Elyvilon
Fedhas
Gozag
Hepliaklqana
Kikubaaqudgha
Makhleb
Nemelex Xobeh
Okawaru
Qazlal
Ru
Sif Muna
Trog
Uskayaw
Vehumet
Wu Jian
Xom
Yredelemnul
Zin
The Shining One
Lugonu

Shops:
D:4 *   D:7 ?   D:8 =   D:11 *   Orc:2 :***   Snake:1 *   Vaults:1 *
Vaults:4 =   Vaults:5 !=([?   Depths:2 *   Depths:3 ?[:*

Portals:
Hell: Depths:1 Depths:2 Depths:3 Depths:4
Abyss: Lair:5 Depths:2 Depths:3
Pandemonium: Depths:2
Ziggurat: Depths:4

Annotations:
D:3 Terence
D:10 1 transporter
D:14 2 runed translucent doors
Depths:1 1 runed translucent door, qw's ghost, adept GrFi
Depths:3 2 runed translucent doors, Dameikh's ghost, veteran FoFi


Message History

You hit the white draconian.
You feel better.
You slash the green draconian monk!
You feel better.
The black draconian knight blocks your attack.
You closely miss the electric golem. You hit the tentacled monstrosity.
You miss the quicksilver dragon.
You block the black draconian knight's attack.
The quicksilver dragon bites you!! The quicksilver dragon claws you!!
The yellow draconian hits you from afar with a +0 trident!!
The electric golem hits you but does no damage.
You block the electric golem's attack. The electric golem misses you.
You block the electric golem's attack. The green draconian barely misses you.
The purple draconian misses you. The yellow draconian barely misses you.
The moth of wrath goads the tentacled monstrosity on!
The tentacled monstrosity goes berserk!
The purple draconian hits you but does no damage.
The white draconian barely misses you.
The green draconian monk hits you but does no damage.
You block the green draconian monk's attack.
The green draconian monk tail-slaps you.
The green draconian monk tail-slaps you but does no damage.
The tentacled monstrosity tentacle-slaps you but does no damage. x3
The tentacled monstrosity constricts you.
50498 ||| READING 14 scrolls of teleportation.
As you read the scroll of teleportation, it crumbles to dust.
You feel strangely unstable.
You feel the Orb delaying your translocation!
The quicksilver dragon bites you.
You block the quicksilver dragon's attack.
The black draconian knight hits you but does no damage.
The tentacled monstrosity tentacle-slaps you but does no damage. x3
You block the electric golem's attack.
The electric golem hits you but does no damage. x2
You block the electric golem's attack.
You block the yellow draconian's attack.
The quicksilver dragon bites you but does no damage.
The quicksilver dragon closely misses you.
The purple draconian hits you but does no damage.
The green draconian hits you from afar with a +0 glaive!
The yellow draconian hits you from afar with a +0 halberd!
You die...

#.###.##.####..#.##..
....##..}.# #.....##..
......##...##...#..###.
. #......###...###.....
##.....# ##.. ##....
#..[.####... #.....
..###..........# #.....
....$.Dq.d..... #.(....
.....yd@9d..... #......
#.....qXXD..... ...###.
#....ddzdy..... .... #
#......d.......
....#..........
...##.....#...# ..#
.q....#.... .. .......#
.).


You could see an electric golem, a shadow dragon (berserk), 2 tentacled
monstrosities, a green draconian monk (berserk), a black draconian knight (fast,
invisible), 2 draconians, a green draconian (berserk), 2 draconians, 2
draconians, a purple draconian shifter, a death cob, a quicksilver dragon
(berserk) and 2 moths of wrath.

Vanquished Creatures
  3 ancient liches (Vaults:5)
  A juggernaut (Depths:4)
  A shard shrike (Zot:1)
  Saint Roka (Orc:2)
  3 golden dragons
  Jory (Vaults:2)
  2 bone dragons
  Nikola (Swamp:4)
  A mutant beast (WizLab)
  Jorgrun (D:12)
  8 tentacled monstrosities (Vaults:5)
  A hellephant (Zot:1)
  Asterion (Depths:1)
  2 liches
  3 titans (Vaults:5)
  2 sphinxes
  2 tentacled starspawn (Abyss:1)
  5 storm dragons
  5 tengu reavers (Vaults:5)
  5 nagarajas
  Kirke (Lair:4)
  A fenstrider witch (Swamp:3)
  Roxanne (Swamp:2)
  Donald (Swamp:2)
  2 shadow dragons (Vaults:5)
  3 draconian knights
  Louise (D:15)
  9 frost giants
  5 fire giants
  19 vault wardens
  3 draconian shifters (Zot:1)
  2 iron dragons
  4 orc warlords
  4 draconian scorchers
  Aizul (Snake:1)
  15 ironbound preservers
  43 very ugly things
  2 draconian annihilators (Zot:1)
  10 stone giants
  6 war gargoyles
  6 ironbound thunderhulks
  3 eleionomae
  Nessos (D:15)
  A vampire knight (Depths:4)
  A purple draconian (Depths:4)
  An entropy weaver (Vaults:2)
  3 yellow draconians
  A green draconian (Depths:4)
  15 dire elephants
  5 black draconians
  5 bunyips
  3 red draconians (Zot:1)
  Snorg (Orc:2)
  2 white draconians (Zot:1)
  3 deep elf death magi
  A green death (Depths:2)
  2 crystal guardians (Vaults:3)
  7 ettins
  5 jiangshi
  2 deep elf high priests
  A shambling mangrove (Swamp:4)
  10 yaktaur captains
  5 great orbs of eyes
  Harold (Lair:1)
  24 hydras
  Erolcha (D:11)
  Josephine (D:11)
  9 fire dragons
  2 peacekeepers (Vaults:3)
  2 boulder beetles
  3 salamander tyrants
  4 rakshasas
  A caustic shrike simulacrum (Depths:3)
  9 ice dragons
  28 vault guards
  2 ghost crabs
  4 spriggan air magi
  5 anacondas
  7 tengu warriors
  Erica (D:11)
  17 alligators
  2 anacondas (shapeshifter)
  3 catoblepae
  11 naga warriors
  20 centaur warriors
  5 two-headed ogres
  6 ironbound frosthearts
  4 deep troll shamans (Depths:1)
  18 naga sharpshooters
  6 spriggan berserkers
  3 orc high priests (Orc:2)
  2 deep troll earth magi (Depths:3)
  2 vampire magi
  7 hell knights
  3 thrashing horrors (Lair:5)
  9 shock serpents
  A sun demon (Depths:2)
  4 iron trolls
  A deep elf knight (D:11)
  A fire crab (shapeshifter) (WizLab)
  3 wretched stars (Abyss:1)
  Nergalle (Orc:1)
  7 salamander mystics (Snake:4)
  49 deep trolls
  14 skeletal warriors
  5 goliath frogs
  4 spriggan druids
  6 glowing orange brains
  2 sea snakes (Snake:2)
  A deep troll (shapeshifter) (Vaults:2)
  A lindwurm (shapeshifter) (WizLab)
  8 naga ritualists
  10 bog bodies
  8 lindwurms
  A shadow dragon zombie (Depths:3)
  15 swamp dragons
  16 ironbound convokers
  3 necromancers
  12 mana vipers
  16 orc knights
  9 wizards
  4 phantasmal warriors
  4 deep elf pyromancers
  2 manticores
  38 ugly things
  A wolf spider (D:11)
  A mana viper (shapeshifter) (Vaults:1)
  5 orc sorcerers
  2 cyclopes
  An elephant (shapeshifter) (WizLab)
  2 fauns (shapeshifter)
  15 salamanders
  A salamander (shapeshifter) (WizLab)
  A moth of wrath (Zot:1)
  4 will-o-the-wisps
  16 elephants
  2 worldbinders (Abyss:1)
  2 moths of wrath (shapeshifter)
  A water nymph (shapeshifter) (WizLab)
  16 naga magi
  3 guardian serpents
  34 black mambas
  14 vault sentinels
  4 smoke demons
  5 black mambas (shapeshifter) (WizLab)
  Maggie (D:6)
  A gargoyle (D:14)
  A cane toad (shapeshifter) (WizLab)
  A torpor snail (Lair:4)
  An orange demon (Depths:2)
  11 cane toads
  2 rime drakes (Lair:4)
  A spark wasp simulacrum (Depths:3)
  2 kobold demonologists
  2 freezing wraiths
  6 hellwings
  36 yaktaurs
  12 komodo dragons
  4 tengu conjurers
  7 ancient zymes
  A red devil (Depths:2)
  A wind drake (shapeshifter) (WizLab)
  A queen bee (shapeshifter) (WizLab)
  A queen bee (Lair:3)
  4 trolls
  3 polar bears
  2 meliai (shapeshifter) (WizLab)
  10 tyrant leeches
  10 hornets
  3 polar bears (shapeshifter)
  Prince Ribbit (D:8)
  A hornet (shapeshifter) (D:14)
  2 tarantellas (shapeshifter) (WizLab)
  2 blink frogs (shapeshifter)
  13 large abominations
  2 raiju (Abyss:1)
  35 blink frogs
  A frost giant simulacrum (Depths:3)
  A sphinx simulacrum (Depths:3)
  43 slime creatures
  A culicivora (shapeshifter) (WizLab)
  2 raiju (shapeshifter) (WizLab)
  A jumping spider (shapeshifter) (D:10)
  12 spriggans
  A culicivora (Vaults:2)
  A spriggan (shapeshifter) (WizLab)
  2 humans (shapeshifter)
  5 wraiths
  A yak (shapeshifter) (WizLab)
  2 ynoxinuls
  4 vampires
  A basilisk (shapeshifter) (Lair:5)
  4 fire bats (Abyss:1)
  A steam dragon (D:8)
  16 water elementals
  3 chaos spawn
  6 hogs
  47 yaks
  5 wyverns
  11 basilisks
  2 redbacks (Vaults:2)
  2 vampire mosquitoes (Swamp:3)
  An iron golem (WizLab)
  A redback simulacrum (D:15)
  A warg (shapeshifter) (Lair:5)
  46 nagas
  9 wargs
  A swamp worm (shapeshifter) (Depths:3)
  9 swamp worms
  17 water moccasins
  2 acid dragons (D:11)
  4 floating eyes (WizLab)
  2 hydra simulacra (Zot:1)
  7 swamp drakes
  36 orc warriors
  2 black bears (shapeshifter) (WizLab)
  An ice beast (Vaults:1)
  5 black bears
  A sky beast (Abyss:1)
  An ogre (shapeshifter) (Lair:5)
  3 ogres
  23 small abominations
  3 centaurs
  10 wolves
  2 phantoms
  5 kobold brigands
  13 bullfrogs
  2 necrophages
  3 scorpions
  An earth elemental (Abyss:1)
  A gnoll sergeant (D:8)
  8 wights
  37 killer bees
  8 electric eels
  4 howler monkeys
  3 lava snakes (Lair:5)
  5 hounds
  2 jellies
  2 quasits (Abyss:1)
  A gnoll bouda (D:7)
  25 orc priests
  6 hell rats (Lair:2)
  An iguana (D:5)
  22 orc wizards
  13 gnolls
  4 adders
  A shadow imp (D:8)
  7 white imps
  3 worms
  2 dart slugs (D:4)
  84 orcs
  4 ball pythons
  7 endoplasms
  A giant cockroach (D:2)
  4 hobgoblins
  5 quokkas
  A bat (D:3)
  3 frilled lizards
  5 goblins
  27 kobolds
  A rat (D:1)
  A starspawn tentacle (Abyss:1)
1728 creatures vanquished.

Vanquished Creatures (others)
  2 fire giants
  A spriggan druid (Swamp:3)
  2 bloated husks
  A spriggan (Depths:2)
  A kobold brigand (D:10)
  2 orc wizards
  A bush (Lair:2)
  8 foxfires
  26 fungi
  61 plants
  5 starspawn tentacles (Abyss:1)
110 creatures vanquished.

Grand Total: 1838 creatures vanquished

Notes
Turn   | Place    | Note
-------+----------+-------------------------------------------
     0 | D:1      | qw the Gargoyle Fighter began the quest for the Orb.
     0 | D:1      | Reached XP level 1. HP: 14/14 MP: 1/1
     0 | D:1      | 0 ||| qw: Version: 0.1-a-119-g272c26d
     0 | D:1      | 0 ||| qw: Game counter: 11256
     0 | D:1      | 0 ||| qw: Always use a shield: true
     0 | D:1      | 0 ||| qw: God list: Okawaru
     0 | D:1      | 0 ||| qw: Allow faded altars: false
     0 | D:1      | 0 ||| qw: Do Orc after D:15 true
     0 | D:1      | 0 ||| qw: Do second Lair branch before Depths: true
     0 | D:1      | 0 ||| qw: Lair rune preference: random
     0 | D:1      | 0 ||| qw: Plans: Normal, Zot, God:TSO, Crypt, Tomb, Pan,
                  | Slime, Hells, Zig, Abyss, Orb
     0 | D:1      | 0 ||| PLANNING D:1-11
   400 | D:1      | 400 ||| Stepping ~*~*~tactically~*~*~ (stealth).
   401 | D:1      | 401 ||| Stepping ~*~*~tactically~*~*~ (stealth).
   549 | D:1      | 549 ||| Stepping ~*~*~tactically~*~*~ (stealth).
   556 | D:1      | Reached XP level 2. HP: 15/19 MP: 2/2
   616 | D:1      | 616 ||| DROPPING +0 club.
   844 | D:1      | Found a faded altar of an unknown god.
  1096 | D:1      | 1096 ||| UPGRADING to +0 pair of gloves.
  1101 | D:1      | 1101 ||| UPGRADING to +0 kite shield.
  1111 | D:1      | 1111 ||| DROPPING +0 buckler.
  1112 | D:1      | 1112 ||| READING scroll labelled QUETRE USATISO.
  1113 | D:1      | 1113 ||| READING scroll labelled LEFABEZIEPS.
  1114 | D:1      | 1114 ||| READING scroll labelled EROCUN MAIHYFO.
  1115 | D:1      | 1115 ||| READING scroll labelled MEIRHI JIDGHOB.
  1116 | D:1      | 1116 ||| READING 2 scrolls labelled IKHLUO ROYNG.
  1117 | D:1      | 1117 ||| READING scroll labelled XOAFEIMPUN.
  1121 | D:1      | 1121 ||| DRINKING 2 inky potions.
  1429 | D:2      | 1429 ||| Stepping ~*~*~tactically~*~*~ (stealth).
  1434 | D:2      | 1434 ||| FLEEEEING.
  1435 | D:2      | 1435 ||| FLEEEEING.
  1436 | D:2      | 1436 ||| Stepping ~*~*~tactically~*~*~ (stealth).
  1437 | D:2      | 1437 ||| FLEEEEING.
  1441 | D:2      | Reached skill level 3 in Axes
  1785 | D:2      | 1785 ||| READING scroll labelled QUMOORU UVVULYPE.
  1786 | D:2      | 1786 ||| READING scroll labelled TIUMIM ALEW.
  1887 | D:2      | 1887 ||| DRINKING 2 viscous orange potions.
  1988 | D:2      | 1988 ||| DROPPING potion of ambrosia.
  2017 | D:3      | Found a burning altar of Makhleb.
  2043 | D:3      | Reached XP level 3. HP: 23/23 MP: 3/3
  2077 | D:3      | 2077 ||| Stepping ~*~*~tactically~*~*~ (stealth).
  2380 | D:3      | Found a blossoming altar of Fedhas.
  2423 | D:3      | Noticed Terence
  2436 | D:3      | HP: 5/23 [Terence/+0 short sword (8)]
  2437 | D:3      | 2437 ||| READING scroll of teleportation.
  2893 | D:3      | 2893 ||| UPGRADING to +0 plate armour.
  2903 | D:3      | 2903 ||| DROPPING +0 scale mail.
  2904 | D:3      | 2904 ||| DROPPING +6 ring of intelligence.
  2905 | D:3      | 2905 ||| READING scroll labelled PIFATIQ RUGEBLYAD.
  2906 | D:3      | 2906 ||| DROPPING potion of berserk rage.
  2949 | D:4      | Reached XP level 4. HP: 21/28 MP: 4/4
  3043 | D:4      | 3043 ||| Stepping ~*~*~tactically~*~*~ (hiding).
  3046 | D:4      | 3046 ||| Stepping ~*~*~tactically~*~*~ (hiding).
  3047 | D:4      | 3047 ||| Stepping ~*~*~tactically~*~*~ (hiding).
  3048 | D:4      | 3048 ||| Stepping ~*~*~tactically~*~*~ (stealth).
  3072 | D:4      | Found Adillav's General Store.
  3090 | D:4      | 3090 ||| BUYING 2 scrolls of teleportation (78 gold).
  3090 | D:4      | Bought 2 scrolls of teleportation for 78 gold pieces
  3183 | D:4      | Reached XP level 5. HP: 16/32 MP: 5/5
  3344 | D:4      | 3344 ||| DROPPING +0 whip.
  3396 | D:4      | Found a glowing silver altar of Zin.
  3449 | D:4      | Found a staircase to the Ecumenical Temple.
  3533 | D:4      | Found a broken altar of Ashenzari.
  3533 | D:4      | Found an ornate altar of the Wu Jian Council.
  3561 | D:4      | 3561 ||| PLANNING TEMPLE
  3561 | D:4      | 3561 ||| FLEEEEING.
  3562 | D:4      | 3562 ||| FLEEEEING.
  3563 | D:4      | 3563 ||| FLEEEEING.
  3564 | D:4      | 3564 ||| FLEEEEING.
  3565 | D:4      | 3565 ||| FLEEEEING.
  3566 | D:4      | 3566 ||| FLEEEEING.
  3570 | D:4      | 3570 ||| FLEEEEING.
  3571 | D:4      | 3571 ||| FLEEEEING.
  3572 | D:4      | 3572 ||| FLEEEEING.
  3573 | D:4      | 3573 ||| FLEEEEING.
  3574 | D:4      | 3574 ||| FLEEEEING.
  3575 | D:4      | 3575 ||| FLEEEEING.
  3576 | D:4      | 3576 ||| FLEEEEING.
  3577 | D:4      | 3577 ||| FLEEEEING.
  3578 | D:4      | 3578 ||| FLEEEEING.
  3579 | D:4      | 3579 ||| FLEEEEING.
  3580 | D:4      | 3580 ||| FLEEEEING.
  3584 | D:4      | 3584 ||| STAIRDANCE
  3586 | D:3      | 3586 ||| READING scroll labelled DOETEUPR PISAELOMN.
  3587 | D:3      | 3587 ||| READING scroll labelled IWOONYI HIASE.
  3590 | D:4      | 3590 ||| STAIRDANCE
  3596 | D:4      | 3596 ||| STAIRDANCE
  3623 | Temple   | Entered the Ecumenical Temple
  3637 | Temple   | 3637 ||| PLANNING D:1-11
  3658 | D:4      | 3658 ||| Stepping ~*~*~tactically~*~*~ (stealth).
  3835 | D:4      | Found an iron altar of Okawaru.
  3836 | D:4      | Found a bloodstained altar of Trog.
  3874 | D:4      | Became a worshipper of Warmaster Okawaru
  3898 | D:5      | Entered Level 5 of the Dungeon
  3962 | D:5      | Noticed an ogre
  3963 | D:5      | 3963 ||| Stepping ~*~*~tactically~*~*~ (stealth).
  3966 | D:5      | 3966 ||| Stepping ~*~*~tactically~*~*~ (hiding).
  3976 | D:5      | Reached XP level 6. HP: 34/37 MP: 6/6
  4138 | D:5      | Noticed a water moccasin
  4153 | D:5      | Killed a water moccasin
  4154 | D:5      | Reached skill level 4 in Fighting
  4154 | D:5      | Reached XP level 7. HP: 35/44 MP: 7/7
  4288 | D:5      | Reached * piety under Okawaru
  4582 | D:5      | 4582 ||| Stepping ~*~*~tactically~*~*~ (hiding).
  4583 | D:5      | 4583 ||| Stepping ~*~*~tactically~*~*~ (hiding).
  4594 | D:5      | 4594 ||| DRINKING 2 potions of curing.
  4594 | D:5      | 4594 ||| (to cure confusion)
  4595 | D:5      | 4595 ||| DRINKING potion of curing.
  4595 | D:5      | 4595 ||| (to cure confusion)
  4596 | D:5      | 4596 ||| INVOKING Heroism.
  4603 | D:5      | Reached skill level 1 in Invocations
  4696 | D:5      | Identified the +2 ring mail "Liloym" {Rampage Int+2}
  4856 | D:5      | 4856 ||| Stepping ~*~*~tactically~*~*~ (hiding).
  4957 | D:5      | 4957 ||| DROPPING scarf of shadows.
  4958 | D:5      | 4958 ||| UPGRADING to +0 pair of boots.
  4963 | D:5      | 4963 ||| UPGRADING to +6 ring of dexterity.
  4964 | D:5      | 4964 ||| READING scroll labelled OMUMETO LUTS.
  4965 | D:5      | 4965 ||| READING scroll labelled YLAUNITT MIFOME.
  4966 | D:5      | 4966 ||| DRINKING 3 coppery potions.
  4967 | D:5      | 4967 ||| READING 4 scrolls of identify.
  4967 | D:5      | 4967 ||| IDENTIFYING metallic yellow potion
  4968 | D:5      | 4968 ||| READING 3 scrolls of identify.
  4968 | D:5      | 4968 ||| IDENTIFYING murky clear potion
  4969 | D:5      | 4969 ||| READING 2 scrolls of identify.
  4969 | D:5      | 4969 ||| IDENTIFYING emerald potion
  4970 | D:5      | 4970 ||| DROPPING potion of degeneration.
  4971 | D:5      | 4971 ||| DROPPING 2 potions of flight.
  5007 | D:6      | 5007 ||| INVOKING Heroism.
  5092 | D:6      | Reached skill level 1 in Throwing
  5127 | D:6      | 5127 ||| Stepping ~*~*~tactically~*~*~ (stealth).
  5128 | D:6      | 5128 ||| Stepping ~*~*~tactically~*~*~ (stealth).
  5200 | D:6      | Noticed Maggie
  5201 | D:6      | 5201 ||| Stepping ~*~*~tactically~*~*~ (hiding).
  5210 | D:6      | 5210 ||| INVOKING Heroism.
  5221 | D:6      | Killed Maggie
  5221 | D:6      | Reached ** piety under Okawaru
  5222 | D:6      | Reached XP level 8. HP: 28/48 MP: 7/11
  5349 | D:6      | 5349 ||| SWAPPING to +1 war axe of flaming.
  5350 | D:6      | 5350 ||| DROPPING +0 flail.
  5351 | D:6      | 5351 ||| DROPPING +0 war axe of venom.
  5373 | D:6      | 5373 ||| Stepping ~*~*~tactically~*~*~ (stealth).
  5391 | D:6      | 5391 ||| Stepping ~*~*~tactically~*~*~ (stealth).
  5402 | D:6      | Reached skill level 6 in Axes
  5412 | D:6      | 5412 ||| Stepping ~*~*~tactically~*~*~ (stealth).
  5619 | D:6      | 5619 ||| INVOKING Heroism.
  5625 | D:6      | Reached skill level 6 in Shields
  5743 | D:6      | Found an opulent altar of Gozag.
  5800 | D:6      | 5800 ||| UPGRADING to amulet of reflection.
  5883 | D:7      | 5883 ||| INVOKING Heroism.
  5884 | D:7      | 5884 ||| Stepping ~*~*~tactically~*~*~ (hiding).
  5886 | D:7      | 5886 ||| Stepping ~*~*~tactically~*~*~ (hiding).
  5889 | D:7      | 5889 ||| Stepping ~*~*~tactically~*~*~ (hiding).
  5890 | D:7      | 5890 ||| Stepping ~*~*~tactically~*~*~ (hiding).
  6095 | D:7      | 6095 ||| INVOKING Heroism.
  6224 | D:7      | Reached XP level 9. HP: 53/53 MP: 12/12
  6262 | D:7      | Reached skill level 5 in Fighting
  6358 | D:7      | 6358 ||| INVOKING Heroism.
  6446 | D:7      | Found Zemain's Magic Scroll Shoppe.
  6455 | D:7      | 6455 ||| BUYING scroll of identify (26 gold).
  6455 | D:7      | Bought a scroll of identify for 26 gold pieces
  6455 | D:7      | 6455 ||| BUYING scroll of identify (26 gold).
  6455 | D:7      | Bought a scroll of identify for 26 gold pieces
  6455 | D:7      | 6455 ||| BUYING scroll of teleportation (39 gold).
  6455 | D:7      | Bought a scroll of teleportation for 39 gold pieces
  6455 | D:7      | 6455 ||| BUYING scroll of teleportation (39 gold).
  6455 | D:7      | Bought a scroll of teleportation for 39 gold pieces
  6613 | D:7      | 6613 ||| INVOKING Heroism.
  6788 | D:7      | 6788 ||| UPGRADING to +0 cloak.
  6793 | D:7      | 6793 ||| UPGRADING to +0 helmet.
  6798 | D:7      | 6798 ||| DROPPING amulet of faith.
  6799 | D:7      | 6799 ||| READING scroll labelled FEAPLU QECA.
  6859 | D:7      | 6859 ||| READING scroll labelled ESOEROX UFOATUI.
  6860 | D:7      | 6860 ||| DRINKING 2 bubbling yellow potions.
  6860 | D:7      | Gained mutation: Potions are less effective at restoring
                  | your health. [potion of mutation]
  6860 | D:7      | Gained mutation: Potions cannot restore your health.
                  | [potion of mutation]
  6860 | D:7      | Gained mutation: You have supernaturally acute eyesight.
                  | (SInv) [potion of mutation]
  6861 | D:7      | 6861 ||| DRINKING potion of mutation.
  6861 | D:7      | Lost mutation: You have supernaturally acute eyesight.
                  | (SInv) [potion of mutation]
  6861 | D:7      | Lost mutation: Potions cannot restore your health. [potion
                  | of mutation]
  6861 | D:7      | Lost mutation: Potions are less effective at restoring your
                  | health. [potion of mutation]
  6861 | D:7      | Gained mutation: You have sharp toenails. [potion of
                  | mutation]
  6861 | D:7      | Gained mutation: Your muscles are strong. (Str +4, Int/Dex
                  | -1) [potion of mutation]
  6862 | D:7      | 6862 ||| READING 3 scrolls of identify.
  6862 | D:7      | 6862 ||| IDENTIFYING viscous pink potion
  6863 | D:7      | 6863 ||| READING 2 scrolls of identify.
  6863 | D:7      | 6863 ||| IDENTIFYING grey potion
  6904 | D:8      | 6904 ||| INVOKING Heroism.
  6906 | D:8      | 6906 ||| STAIRDANCE
  6921 | D:8      | 6921 ||| STAIRDANCE
  6928 | D:7      | Reached *** piety under Okawaru
  6994 | D:8      | 6994 ||| STAIRDANCE
  7024 | D:8      | 7024 ||| INVOKING Heroism.
  7063 | D:8      | 7063 ||| Stepping ~*~*~tactically~*~*~ (stealth).
  7096 | D:8      | Found Ydweon's Jewellery Shoppe.
  7102 | D:8      | 7102 ||| SHOPLISTING +4 ring of slaying (1170 gold, have
                  | 95).
  7102 | D:8      | 7102 ||| SHOPLISTING ring of fire (375 gold, have 95).
  7102 | D:8      | 7102 ||| SHOPLISTING ring of positive energy (300 gold,
                  | have 95).
  7102 | D:8      | 7102 ||| SHOPLISTING ring of resist corrosion (300 gold,
                  | have 95).
  7110 | D:8      | Found a radiant altar of Vehumet.
  7118 | D:8      | 7118 ||| INVOKING Heroism.
  7142 | D:8      | 7142 ||| INVOKING Heroism.
  7158 | D:8      | Noticed a hornet
  7164 | D:8      | Killed a hornet
  7165 | D:8      | Reached skill level 6 in Fighting
  7263 | D:8      | 7263 ||| INVOKING Heroism.
  7269 | D:8      | 7269 ||| Stepping ~*~*~tactically~*~*~ (cloud).
  7287 | D:8      | 7287 ||| Stepping ~*~*~tactically~*~*~ (stealth).
  7310 | D:8      | Noticed Prince Ribbit
  7311 | D:8      | 7311 ||| Stepping ~*~*~tactically~*~*~ (stealth).
  7334 | D:8      | 7334 ||| INVOKING Heroism.
  7344 | D:8      | Killed Prince Ribbit
  7417 | D:8      | 7417 ||| Stepping ~*~*~tactically~*~*~ (stealth).
  7422 | D:8      | Reached skill level 6 in Armour
  7425 | D:8      | 7425 ||| Stepping ~*~*~tactically~*~*~ (stealth).
  7428 | D:8      | Received a gift from Okawaru
  7429 | D:8      | Reached XP level 10. HP: 60/60 MP: 13/13
  7506 | D:8      | 7506 ||| INVOKING Heroism.
  7637 | D:8      | Noticed a two-headed ogre
  7638 | D:8      | 7638 ||| INVOKING Heroism.
  7644 | D:8      | Killed a two-headed ogre
  7675 | D:8      | 7675 ||| READING scroll of enchant armour.
  7675 | D:8      | 7675 ||| ENCHANTING +0 pair of gloves.
  7836 | D:8      | 7836 ||| DRINKING 2 silvery potions.
  7837 | D:8      | 7837 ||| DRINKING 2 fizzy emerald potions.
  7901 | D:9      | 7901 ||| FLEEEEING.
  7902 | D:9      | 7902 ||| FLEEEEING.
  7903 | D:9      | 7903 ||| FLEEEEING.
  7904 | D:9      | 7904 ||| FLEEEEING.
  7905 | D:9      | 7905 ||| FLEEEEING.
  7906 | D:9      | 7906 ||| FLEEEEING.
  7907 | D:9      | 7907 ||| FLEEEEING.
  7908 | D:9      | 7908 ||| FLEEEEING.
  7909 | D:9      | 7909 ||| FLEEEEING.
  7913 | D:9      | 7913 ||| FLEEEEING.
  7916 | D:9      | 7916 ||| FLEEEEING.
  7917 | D:9      | 7917 ||| FLEEEEING.
  7921 | D:9      | 7921 ||| FLEEEEING.
  7922 | D:9      | 7922 ||| FLEEEEING.
  7923 | D:9      | 7923 ||| FLEEEEING.
  7924 | D:9      | 7924 ||| FLEEEEING.
  7925 | D:9      | 7925 ||| FLEEEEING.
  7926 | D:9      | 7926 ||| FLEEEEING.
  7927 | D:9      | 7927 ||| FLEEEEING.
  7928 | D:9      | 7928 ||| FLEEEEING.
  7929 | D:9      | 7929 ||| FLEEEEING.
  7930 | D:9      | 7930 ||| FLEEEEING.
  7931 | D:9      | 7931 ||| STAIRDANCE
  8084 | D:9      | 8084 ||| INVOKING Heroism.
  8097 | D:9      | Reached skill level 9 in Axes
  8115 | D:9      | 8115 ||| INVOKING Heroism.
  8143 | D:9      | 8143 ||| INVOKING Heroism.
  8173 | D:9      | 8173 ||| Stepping ~*~*~tactically~*~*~ (stealth).
  8175 | D:9      | 8175 ||| INVOKING Heroism.
  8241 | D:9      | Noticed a kobold demonologist
  8242 | D:9      | 8242 ||| Stepping ~*~*~tactically~*~*~ (hiding).
  8243 | D:9      | 8243 ||| Stepping ~*~*~tactically~*~*~ (hiding).
  8246 | D:9      | 8246 ||| Stepping ~*~*~tactically~*~*~ (stealth).
  8250 | D:9      | 8250 ||| INVOKING Heroism.
  8260 | D:9      | Reached skill level 3 in Throwing
  8263 | D:9      | Reached skill level 7 in Fighting
  8265 | D:9      | Reached **** piety under Okawaru
  8267 | D:9      | 8267 ||| Stepping ~*~*~tactically~*~*~ (hiding).
  8277 | D:9      | 8277 ||| INVOKING Heroism.
  8281 | D:9      | Killed a kobold demonologist
  8287 | D:9      | 8287 ||| Stepping ~*~*~tactically~*~*~ (hiding).
  8289 | D:9      | 8289 ||| Stepping ~*~*~tactically~*~*~ (hiding).
  8298 | D:9      | 8298 ||| INVOKING Heroism.
  8312 | D:9      | 8312 ||| Stepping ~*~*~tactically~*~*~ (stealth).
  8324 | D:9      | Found a staircase to the Lair.
  8335 | D:9      | 8335 ||| Stepping ~*~*~tactically~*~*~ (stealth).
  8411 | D:9      | Found a sacrificial altar of Ru.
  8420 | D:9      | 8420 ||| Stepping ~*~*~tactically~*~*~ (stealth).
  8422 | D:9      | 8422 ||| INVOKING Heroism.
  8481 | D:9      | 8481 ||| INVOKING Heroism.
  8482 | D:9      | 8482 ||| Stepping ~*~*~tactically~*~*~ (stealth).
  8533 | D:9      | 8533 ||| Stepping ~*~*~tactically~*~*~ (stealth).
  8535 | D:9      | 8535 ||| Stepping ~*~*~tactically~*~*~ (stealth).
  8536 | D:9      | 8536 ||| INVOKING Heroism.
  8546 | D:9      | 8546 ||| Stepping ~*~*~tactically~*~*~ (stealth).
  8646 | D:9      | Reached skill level 6 in Invocations
  8646 | D:9      | Reached XP level 11. HP: 56/67 MP: 15/15
  9053 | D:9      | Noticed a deep elf pyromancer
  9062 | D:9      | 9062 ||| INVOKING Heroism.
  9065 | D:9      | Killed a deep elf pyromancer
  9065 | D:9      | Received a gift from Okawaru
  9066 | D:9      | Reached skill level 9 in Shields
  9292 | D:9      | 9292 ||| PLANNING LAIR
  9326 | Lair:1   | Entered Level 1 of the Lair of Beasts
  9339 | Lair:1   | 9339 ||| INVOKING Heroism.
  9342 | Lair:1   | Noticed Harold
  9357 | Lair:1   | Killed Harold
  9357 | Lair:1   | Received a gift from Okawaru
  9358 | Lair:1   | 9358 ||| INVOKING Heroism.
  9364 | Lair:1   | Reached ***** piety under Okawaru
  9660 | Lair:1   | 9660 ||| Stepping ~*~*~tactically~*~*~ (stealth).
  9991 | Lair:1   | 9991 ||| INVOKING Heroism.
 10387 | Lair:2   | 10387 ||| Stepping ~*~*~tactically~*~*~ (hiding).
 10395 | Lair:2   | 10395 ||| Stepping ~*~*~tactically~*~*~ (stealth).
 10401 | Lair:2   | 10401 ||| INVOKING Heroism.
 10403 | Lair:2   | 10403 ||| Stepping ~*~*~tactically~*~*~ (stealth).
 10423 | Lair:2   | Reached skill level 9 in Invocations
 10488 | Lair:2   | Found a staircase to the Snake Pit.
 10492 | Lair:2   | 10492 ||| INVOKING Heroism.
 10561 | Lair:2   | 10561 ||| READING scroll of enchant armour.
 10561 | Lair:2   | 10561 ||| ENCHANTING +1 pair of gloves.
 10605 | Lair:2   | 10605 ||| Stepping ~*~*~tactically~*~*~ (stealth).
 10606 | Lair:2   | 10606 ||| INVOKING Heroism.
 10612 | Lair:2   | Reached skill level 8 in Fighting
 10616 | Lair:2   | 10616 ||| Stepping ~*~*~tactically~*~*~ (stealth).
 10626 | Lair:2   | Identified the +2 helmet "Foic" {rN+ Int+2} (Okawaru gifted
                  | it to you on level 2 of the Lair of Beasts)
 10626 | Lair:2   | Received a gift from Okawaru
 10637 | Lair:2   | Reached XP level 12. HP: 65/73 MP: 19/19
 10650 | Lair:2   | 10650 ||| INVOKING Heroism.
 10653 | Lair:2   | HP: 14/73 [komodo dragon (17)]
 10654 | Lair:2   | 10654 ||| READING 11 scrolls of teleportation.
 10655 | Lair:2   | 10655 ||| DRINKING 2 potions of heal wounds.
 10666 | Lair:2   | HP: 14/73 [yak (10)]
 10667 | Lair:2   | 10667 ||| READING 10 scrolls of teleportation.
 10668 | Lair:2   | 10668 ||| DRINKING potion of heal wounds.
 10879 | Lair:2   | 10879 ||| INVOKING Heroism.
 10896 | Lair:2   | 10896 ||| Stepping ~*~*~tactically~*~*~ (stealth).
 10923 | Lair:2   | 10923 ||| INVOKING Heroism.
 11000 | Lair:2   | Noticed a five-headed hydra
 11001 | Lair:2   | 11001 ||| Stepping ~*~*~tactically~*~*~ (stealth).
 11003 | Lair:2   | 11003 ||| INVOKING Heroism.
 11013 | Lair:2   | Killed a one-headed hydra
 11049 | Lair:2   | 11049 ||| Stepping ~*~*~tactically~*~*~ (stealth).
 11057 | Lair:2   | 11057 ||| INVOKING Heroism.
 11316 | Lair:2   | 11316 ||| Stepping ~*~*~tactically~*~*~ (stealth).
 11518 | Lair:2   | 11518 ||| UPGRADING to +2 helmet "Foic" {rN+ Int+2}.
 11528 | Lair:2   | 11528 ||| DROPPING +0 helmet.
 11529 | Lair:2   | 11529 ||| READING 3 scrolls of identify.
 11529 | Lair:2   | 11529 ||| IDENTIFYING yellow potion
 11530 | Lair:2   | 11530 ||| DROPPING potion of brilliance.
 11572 | Lair:3   | 11572 ||| INVOKING Heroism.
 11781 | Lair:3   | Noticed a seven-headed hydra
 11782 | Lair:3   | 11782 ||| INVOKING Heroism.
 11790 | Lair:3   | Killed a one-headed hydra
 11791 | Lair:3   | Reached skill level 9 in Fighting
 11791 | Lair:3   | 11791 ||| Stepping ~*~*~tactically~*~*~ (stealth).
 11801 | Lair:3   | Noticed a catoblepas
 11802 | Lair:3   | 11802 ||| INVOKING Finesse.
 11810 | Lair:3   | 11810 ||| Stepping ~*~*~tactically~*~*~ (hiding).
 11820 | Lair:3   | Killed a catoblepas
 11820 | Lair:3   | Received a gift from Okawaru
 11821 | Lair:3   | Reached skill level 9 in Armour
 11822 | Lair:3   | 11822 ||| Stepping ~*~*~tactically~*~*~ (stealth).
 11827 | Lair:3   | 11827 ||| INVOKING Heroism.
 12116 | Lair:3   | 12116 ||| INVOKING Heroism.
 12126 | Lair:3   | Received a gift from Okawaru
 12171 | Lair:3   | Reached XP level 13. HP: 80/80 MP: 20/20
 12176 | Lair:3   | 12176 ||| INVOKING Heroism.
 12245 | Lair:3   | 12245 ||| INVOKING Heroism.
 12254 | Lair:3   | Reached skill level 12 in Axes
 12334 | Lair:3   | 12334 ||| INVOKING Heroism.
 12348 | Lair:3   | Reached skill level 3 in Dodging
 12353 | Lair:3   | 12353 ||| Stepping ~*~*~tactically~*~*~ (stealth).
 12358 | Lair:3   | Received a gift from Okawaru
 12378 | Lair:3   | 12378 ||| FLEEEEING.
 12381 | Lair:3   | 12381 ||| FLEEEEING.
 12382 | Lair:3   | 12382 ||| STAIRDANCE
 12477 | Lair:2   | 12477 ||| UPGRADING to ring of willpower.
 12490 | Lair:3   | 12490 ||| Stepping ~*~*~tactically~*~*~ (stealth).
 12491 | Lair:3   | 12491 ||| Stepping ~*~*~tactically~*~*~ (stealth).
 12535 | Lair:3   | 12535 ||| INVOKING Heroism.
 12594 | Lair:3   | 12594 ||| INVOKING Heroism.
 12666 | Lair:3   | Found a staircase to the Swamp.
 13053 | Lair:4   | 13053 ||| INVOKING Heroism.
 13110 | Lair:4   | Found a staircase to the Slime Pits.
 13120 | Lair:4   | 13120 ||| Stepping ~*~*~tactically~*~*~ (stealth).
 13122 | Lair:4   | 13122 ||| INVOKING Heroism.
 13127 | Lair:4   | 13127 ||| Stepping ~*~*~tactically~*~*~ (stealth).
 13188 | Lair:4   | Reached skill level 10 in Fighting
 13318 | Lair:4   | 13318 ||| READING scroll of enchant armour.
 13318 | Lair:4   | 13318 ||| ENCHANTING +0 pair of boots.
 13676 | Lair:4   | Noticed Kirke
 13677 | Lair:4   | 13677 ||| INVOKING Heroism.
 13678 | Lair:4   | 13678 ||| STAIRDANCE
 13692 | Lair:4   | 13692 ||| STAIRDANCE
 13701 | Lair:4   | 13701 ||| INVOKING Finesse.
 13702 | Lair:4   | 13702 ||| INVOKING Finesse.
 13709 | Lair:4   | Killed Kirke
 13709 | Lair:4   | Identified the +11 hand axe "Kouronek" {vamp, rCorr MP+9
                  | Str-3 Int+4} (Okawaru gifted it to you on level 4 of the
                  | Lair of Beasts)
 13709 | Lair:4   | Received a gift from Okawaru
 13736 | Lair:4   | 13736 ||| SWAPPING to +11 hand axe "Kouronek" {vamp, rCorr
                  | MP+9 Str-3 Int+4}.
 13788 | Lair:4   | 13788 ||| Stepping ~*~*~tactically~*~*~ (stealth).
 13791 | Lair:4   | 13791 ||| Stepping ~*~*~tactically~*~*~ (stealth).
 13793 | Lair:4   | 13793 ||| INVOKING Heroism.
 13796 | Lair:4   | 13796 ||| Stepping ~*~*~tactically~*~*~ (stealth).
 13802 | Lair:4   | 13802 ||| Stepping ~*~*~tactically~*~*~ (stealth).
 13821 | Lair:4   | 13821 ||| Stepping ~*~*~tactically~*~*~ (stealth).
 13863 | Lair:4   | 13863 ||| Stepping ~*~*~tactically~*~*~ (stealth).
 14269 | Lair:5   | Entered Level 5 of the Lair of Beasts
 14271 | Lair:5   | 14271 ||| Stepping ~*~*~tactically~*~*~ (stealth).
 14272 | Lair:5   | 14272 ||| FLEEEEING.
 14273 | Lair:5   | 14273 ||| STAIRDANCE
 14277 | Lair:5   | 14277 ||| STAIRDANCE
 14289 | Lair:5   | 14289 ||| STAIRDANCE
 14291 | Lair:4   | 14291 ||| INVOKING Heroism.
 14333 | Lair:5   | 14333 ||| STAIRDANCE
 14350 | Lair:5   | 14350 ||| INVOKING Heroism.
 14507 | Lair:5   | 14507 ||| Stepping ~*~*~tactically~*~*~ (stealth).
 14508 | Lair:5   | 14508 ||| Stepping ~*~*~tactically~*~*~ (stealth).
 14514 | Lair:5   | 14514 ||| INVOKING Heroism.
 14528 | Lair:5   | Received a gift from Okawaru
 14556 | Lair:5   | Gained mutation: Your large and strong wings let you fly.
                  | [Gargoyle growth]
 14556 | Lair:5   | Reached XP level 14. HP: 83/88 MP: 21/21
 14590 | Lair:5   | 14590 ||| INVOKING Heroism.
 14743 | Lair:5   | 14743 ||| Stepping ~*~*~tactically~*~*~ (stealth).
 15029 | Lair:5   | 15029 ||| Stepping ~*~*~tactically~*~*~ (stealth).
 15075 | Lair:5   | 15075 ||| FLEEEEING.
 15077 | Lair:5   | 15077 ||| FLEEEEING.
 15132 | Lair:5   | 15132 ||| Stepping ~*~*~tactically~*~*~ (stealth).
 15136 | Lair:5   | 15136 ||| INVOKING Heroism.
 15138 | Lair:5   | Identified the +2 flail of Animal Spirits {freeze, Will+
                  | Stlth+} (Okawaru gifted it to you on level 5 of the Lair of
                  | Beasts)
 15138 | Lair:5   | Received a gift from Okawaru
 15209 | Lair:5   | 15209 ||| Stepping ~*~*~tactically~*~*~ (stealth).
 15211 | Lair:5   | 15211 ||| Stepping ~*~*~tactically~*~*~ (stealth).
 15231 | Lair:5   | Reached skill level 11 in Fighting
 15235 | Lair:5   | 15235 ||| Stepping ~*~*~tactically~*~*~ (stealth).
 15247 | Lair:5   | 15247 ||| Stepping ~*~*~tactically~*~*~ (stealth).
 15264 | Lair:5   | 15264 ||| Stepping ~*~*~tactically~*~*~ (stealth).
 15380 | Lair:5   | 15380 ||| INVOKING Heroism.
 15385 | Lair:5   | 15385 ||| Stepping ~*~*~tactically~*~*~ (stealth).
 15408 | Lair:5   | 15408 ||| Stepping ~*~*~tactically~*~*~ (stealth).
 15425 | Lair:5   | 15425 ||| Stepping ~*~*~tactically~*~*~ (stealth).
 15459 | Lair:5   | 15459 ||| Stepping ~*~*~tactically~*~*~ (stealth).
 15575 | Lair:5   | 15575 ||| Stepping ~*~*~tactically~*~*~ (stealth).
 15646 | Lair:5   | 15646 ||| Stepping ~*~*~tactically~*~*~ (stealth).
 15666 | Lair:5   | 15666 ||| Stepping ~*~*~tactically~*~*~ (stealth).
 15684 | Lair:5   | 15684 ||| Stepping ~*~*~tactically~*~*~ (stealth).
 15696 | Lair:5   | 15696 ||| Stepping ~*~*~tactically~*~*~ (stealth).
 15718 | Lair:5   | Reached ****** piety under Okawaru
 15734 | Lair:5   | 15734 ||| FLEEEEING.
 15735 | Lair:5   | 15735 ||| FLEEEEING.
 15736 | Lair:5   | 15736 ||| FLEEEEING.
 15737 | Lair:5   | 15737 ||| FLEEEEING.
 15738 | Lair:5   | 15738 ||| FLEEEEING.
 15743 | Lair:5   | 15743 ||| INVOKING Heroism.
 15949 | Lair:5   | Found a corrupted altar of Lugonu.
 15949 | Lair:5   | Found a one-way gate to the infinite horrors of the Abyss.
 16007 | Lair:5   | 16007 ||| PLANNING D:1-11
 16007 | Lair:5   | 16007 ||| DROPPING ring of fire.
 16008 | Lair:5   | 16008 ||| UPGRADING to ring of protection from cold.
 16010 | Lair:5   | 16010 ||| UPGRADING to ring of protection from fire.
 16157 | D:10     | Entered Level 10 of the Dungeon
 16545 | D:10     | 16545 ||| INVOKING Heroism.
 16614 | D:10     | 16614 ||| Stepping ~*~*~tactically~*~*~ (stealth).
 16616 | D:10     | 16616 ||| Stepping ~*~*~tactically~*~*~ (stealth).
 16623 | D:10     | Reached skill level 12 in Shields
 16627 | D:10     | 16627 ||| INVOKING Heroism.
 16632 | D:10     | 16632 ||| Stepping ~*~*~tactically~*~*~ (stealth).
 16666 | D:10     | Found a sparkling altar of Nemelex Xobeh.
 16666 | D:10     | Found a transporter.
 16666 | D:10     | Noticed a fire giant
 16732 | D:10     | 16732 ||| INVOKING Heroism.
 16741 | D:10     | Received a gift from Okawaru
 16776 | D:10     | 16776 ||| DROPPING +0 war axe of flaming.
 16819 | D:10     | 16819 ||| Stepping ~*~*~tactically~*~*~ (stealth).
 16826 | D:10     | 16826 ||| Stepping ~*~*~tactically~*~*~ (stealth).
 16835 | D:10     | 16835 ||| Stepping ~*~*~tactically~*~*~ (hiding).
 16868 | D:10     | 16868 ||| Stepping ~*~*~tactically~*~*~ (stealth).
 16897 | D:10     | 16897 ||| INVOKING Heroism.
 16931 | D:10     | Found a shimmering blue altar of Sif Muna.
 16944 | D:10     | 16944 ||| Stepping ~*~*~tactically~*~*~ (stealth).
 16967 | D:10     | 16967 ||| Stepping ~*~*~tactically~*~*~ (stealth).
 16968 | D:10     | 16968 ||| Stepping ~*~*~tactically~*~*~ (stealth).
 16971 | D:10     | 16971 ||| Stepping ~*~*~tactically~*~*~ (stealth).
 16972 | D:10     | 16972 ||| Stepping ~*~*~tactically~*~*~ (stealth).
 17013 | D:10     | 17013 ||| Stepping ~*~*~tactically~*~*~ (stealth).
 17014 | D:10     | 17014 ||| Stepping ~*~*~tactically~*~*~ (stealth).
 17080 | D:10     | Found a staircase to the Orcish Mines.
 17363 | D:11     | 17363 ||| FLEEEEING.
 17366 | D:11     | 17366 ||| FLEEEEING.
 17369 | D:11     | 17369 ||| FLEEEEING.
 17376 | D:11     | 17376 ||| FLEEEEING.
 17377 | D:11     | 17377 ||| STAIRDANCE
 17502 | D:11     | 17502 ||| Stepping ~*~*~tactically~*~*~ (stealth).
 17635 | D:11     | 17635 ||| INVOKING Heroism.
 17636 | D:11     | 17636 ||| SWAPPING to +1 war axe of flaming.
 17641 | D:11     | 17641 ||| SWAPPING to +11 hand axe "Kouronek" {vamp, rCorr
                  | MP+9 Str-3 Int+4}.
 17705 | D:11     | 17705 ||| DRINKING 6 potions of curing.
 17705 | D:11     | 17705 ||| (to cure confusion)
 17714 | D:11     | Reached skill level 12 in Fighting
 17717 | D:11     | 17717 ||| Stepping ~*~*~tactically~*~*~ (stealth).
 17718 | D:11     | 17718 ||| Stepping ~*~*~tactically~*~*~ (stealth).
 17728 | D:11     | 17728 ||| INVOKING Heroism.
 17762 | D:11     | 17762 ||| Stepping ~*~*~tactically~*~*~ (hiding).
 17815 | D:11     | 17815 ||| INVOKING Heroism.
 17816 | D:11     | 17816 ||| INVOKING Finesse.
 17899 | D:11     | 17899 ||| INVOKING Heroism.
 17900 | D:11     | 17900 ||| SWAPPING to +1 war axe of flaming.
 17905 | D:11     | 17905 ||| SWAPPING to +11 hand axe "Kouronek" {vamp, rCorr
                  | MP+9 Str-3 Int+4}.
 17914 | D:11     | 17914 ||| INVOKING Finesse.
 17923 | D:11     | Reached skill level 12 in Armour
 17923 | D:11     | 17923 ||| Stepping ~*~*~tactically~*~*~ (hiding).
 18034 | D:11     | 18034 ||| INVOKING Heroism.
 18035 | D:11     | 18035 ||| INVOKING Finesse.
 18051 | D:11     | Identified the +3 scale mail of Teginod {Dex+3 SInv}
                  | (Okawaru gifted it to you on level 11 of the Dungeon)
 18051 | D:11     | Received a gift from Okawaru
 18052 | D:11     | Reached XP level 15. HP: 93/96 MP: 22/22
 18096 | D:11     | Identified the ring "Erevumui" {rPois Stlth+}
 18122 | D:11     | 18122 ||| Stepping ~*~*~tactically~*~*~ (hiding).
 18124 | D:11     | 18124 ||| INVOKING Heroism.
 18208 | D:11     | Identified the +3 ring mail of Otur {-Tele rC+++ Dex+3}
 18293 | D:11     | 18293 ||| Stepping ~*~*~tactically~*~*~ (hiding).
 18347 | D:11     | Noticed Erica
 18348 | D:11     | 18348 ||| INVOKING Heroism.
 18349 | D:11     | 18349 ||| INVOKING Finesse.
 18358 | D:11     | Killed Erica
 18538 | D:11     | Noticed Josephine
 18554 | D:11     | Killed Josephine
 18698 | D:11     | Noticed Erolcha
 18705 | Abyss:1  | Cast into level 1 of the Abyss (Erolcha)
 18706 | Abyss:1  | 18706 ||| DROPPING +2 scale mail of cold resistance.
 18707 | Abyss:1  | 18707 ||| UPGRADING to +3 scale mail of Teginod {Dex+3
                  | SInv}.
 18717 | Abyss:1  | 18717 ||| DROPPING ring "Erevumui" {rPois Stlth+}.
 18718 | Abyss:1  | 18718 ||| UPGRADING to +6 ring of strength.
 18720 | Abyss:1  | 18720 ||| DROPPING ring of willpower.
 18755 | Abyss:1  | 18755 ||| Stepping ~*~*~tactically~*~*~ (stealth).
 18789 | Abyss:1  | 18789 ||| Stepping ~*~*~tactically~*~*~ (stealth).
 18794 | Abyss:1  | 18794 ||| Stepping ~*~*~tactically~*~*~ (stealth).
 18821 | Abyss:1  | 18821 ||| Stepping ~*~*~tactically~*~*~ (stealth).
 18829 | Abyss:1  | 18829 ||| Stepping ~*~*~tactically~*~*~ (stealth).
 18830 | Abyss:1  | 18830 ||| Stepping ~*~*~tactically~*~*~ (stealth).
 18940 | Abyss:1  | Noticed a tentacled starspawn
 18949 | Abyss:1  | Killed a tentacled starspawn
 18967 | Abyss:1  | 18967 ||| Stepping ~*~*~tactically~*~*~ (stealth).
 18977 | Abyss:1  | 18977 ||| Stepping ~*~*~tactically~*~*~ (stealth).
 19000 | Abyss:1  | 19000 ||| Stepping ~*~*~tactically~*~*~ (stealth).
 19004 | Abyss:1  | 19004 ||| Stepping ~*~*~tactically~*~*~ (stealth).
 19018 | Abyss:1  | 19018 ||| INVOKING Heroism.
 19163 | Abyss:1  | 19163 ||| Stepping ~*~*~tactically~*~*~ (stealth).
 19183 | Abyss:1  | 19183 ||| Stepping ~*~*~tactically~*~*~ (hiding).
 19209 | Abyss:1  | Noticed a tentacled starspawn
 19210 | Abyss:1  | 19210 ||| Stepping ~*~*~tactically~*~*~ (stealth).
 19215 | Abyss:1  | 19215 ||| Stepping ~*~*~tactically~*~*~ (stealth).
 19216 | Abyss:1  | 19216 ||| Stepping ~*~*~tactically~*~*~ (stealth).
 19217 | Abyss:1  | 19217 ||| Stepping ~*~*~tactically~*~*~ (stealth).
 19267 | Abyss:1  | 19267 ||| Stepping ~*~*~tactically~*~*~ (stealth).
 19274 | Abyss:1  | 19274 ||| INVOKING Heroism.
 19304 | Abyss:1  | Noticed a tentacled starspawn
 19306 | Abyss:1  | 19306 ||| Stepping ~*~*~tactically~*~*~ (hiding).
 19327 | Abyss:1  | 19327 ||| INVOKING Heroism.
 19328 | Abyss:1  | Killed a tentacled starspawn
 19338 | Abyss:1  | Reached skill level 13 in Fighting
 19356 | Abyss:1  | HP: 16/98 [wretched star/lance of force (21)]
 19357 | Abyss:1  | 19357 ||| READING 14 scrolls of teleportation.
 19358 | Abyss:1  | 19358 ||| DRINKING potion of heal wounds.
 19373 | Abyss:1  | 19373 ||| Stepping ~*~*~tactically~*~*~ (stealth).
 19392 | Abyss:1  | 19392 ||| INVOKING Heroism.
 19599 | Abyss:1  | Noticed a bone dragon
 19600 | Abyss:1  | 19600 ||| Stepping ~*~*~tactically~*~*~ (stealth).
 19602 | Abyss:1  | 19602 ||| Stepping ~*~*~tactically~*~*~ (stealth).
 19603 | Abyss:1  | 19603 ||| Stepping ~*~*~tactically~*~*~ (stealth).
 19695 | Abyss:1  | 19695 ||| Stepping ~*~*~tactically~*~*~ (stealth).
 19716 | Abyss:1  | 19716 ||| Stepping ~*~*~tactically~*~*~ (stealth).
 19892 | Abyss:1  | 19892 ||| Stepping ~*~*~tactically~*~*~ (stealth).
 19904 | Abyss:1  | 19904 ||| Stepping ~*~*~tactically~*~*~ (stealth).
 19906 | Abyss:1  | 19906 ||| Stepping ~*~*~tactically~*~*~ (stealth).
 19916 | Abyss:1  | 19916 ||| Stepping ~*~*~tactically~*~*~ (stealth).
 19921 | Abyss:1  | 19921 ||| Stepping ~*~*~tactically~*~*~ (stealth).
 19932 | Abyss:1  | 19932 ||| Stepping ~*~*~tactically~*~*~ (stealth).
 19933 | Abyss:1  | 19933 ||| Stepping ~*~*~tactically~*~*~ (stealth).
 19937 | Abyss:1  | 19937 ||| Stepping ~*~*~tactically~*~*~ (stealth).
 19938 | Abyss:1  | 19938 ||| Stepping ~*~*~tactically~*~*~ (stealth).
 19973 | Abyss:1  | 19973 ||| INVOKING Heroism.
 19996 | Abyss:1  | 19996 ||| INVOKING Heroism.
 20004 | Abyss:1  | Killed a bone dragon
 20007 | D:11     | Escaped the Abyss
 20018 | D:11     | Killed Erolcha
 20073 | D:11     | Found Emnea's CLEARANCE SALE!.
 20078 | D:11     | 20078 ||| BUYING potion of heal wounds (20 gold).
 20078 | D:11     | Bought a potion of heal wounds for 20 gold pieces
 20078 | D:11     | 20078 ||| BUYING potion of magic (32 gold).
 20078 | D:11     | Bought a potion of magic for 32 gold pieces
 20078 | D:11     | 20078 ||| BUYING scroll of identify (8 gold).
 20078 | D:11     | Bought a scroll of identify for 8 gold pieces
 20111 | D:11     | 20111 ||| Stepping ~*~*~tactically~*~*~ (stealth).
 20112 | D:11     | 20112 ||| Stepping ~*~*~tactically~*~*~ (stealth).
 20125 | D:11     | Received a gift from Okawaru
 20436 | D:11     | 20436 ||| PLANNING D
 20477 | D:12     | 20477 ||| INVOKING Heroism.
 20478 | D:12     | 20478 ||| INVOKING Finesse.
 20482 | D:12     | 20482 ||| SWAPPING to +1 war axe of flaming.
 20484 | D:12     | 20484 ||| SWAPPING to +11 hand axe "Kouronek" {vamp, rCorr
                  | MP+9 Str-3 Int+4}.
 20720 | D:12     | 20720 ||| Stepping ~*~*~tactically~*~*~ (stealth).
 20721 | D:12     | 20721 ||| Stepping ~*~*~tactically~*~*~ (stealth).
 20726 | D:12     | 20726 ||| Stepping ~*~*~tactically~*~*~ (hiding).
 20730 | D:12     | 20730 ||| Stepping ~*~*~tactically~*~*~ (hiding).
 20731 | D:12     | 20731 ||| Stepping ~*~*~tactically~*~*~ (hiding).
 20847 | D:12     | 20847 ||| Stepping ~*~*~tactically~*~*~ (hiding).
 20889 | D:12     | 20889 ||| Stepping ~*~*~tactically~*~*~ (hiding).
 20890 | D:12     | 20890 ||| Stepping ~*~*~tactically~*~*~ (hiding).
 20915 | D:12     | 20915 ||| Stepping ~*~*~tactically~*~*~ (stealth).
 20918 | D:12     | 20918 ||| Stepping ~*~*~tactically~*~*~ (hiding).
 21274 | D:12     | Noticed Jorgrun
 21275 | D:12     | 21275 ||| Stepping ~*~*~tactically~*~*~ (hiding).
 21281 | D:12     | 21281 ||| INVOKING Heroism.
 21282 | D:12     | 21282 ||| INVOKING Finesse.
 21293 | D:12     | Killed Jorgrun
 21610 | D:12     | 21610 ||| READING 6 scrolls of identify.
 21610 | D:12     | 21610 ||| IDENTIFYING bubbling amethyst potion
 21769 | D:13     | 21769 ||| Stepping ~*~*~tactically~*~*~ (stealth).
 21773 | D:13     | 21773 ||| Stepping ~*~*~tactically~*~*~ (hiding).
 21775 | D:13     | 21775 ||| Stepping ~*~*~tactically~*~*~ (hiding).
 21784 | D:13     | Reached skill level 14 in Fighting
 21876 | D:13     | 21876 ||| INVOKING Heroism.
 22316 | D:13     | 22316 ||| Stepping ~*~*~tactically~*~*~ (hiding).
 22565 | D:14     | 22565 ||| INVOKING Heroism.
 22566 | D:14     | 22566 ||| SWAPPING to +1 war axe of flaming.
 22570 | D:14     | 22570 ||| SWAPPING to +11 hand axe "Kouronek" {vamp, rCorr
                  | MP+9 Str-3 Int+4}.
 22574 | D:14     | 22574 ||| Stepping ~*~*~tactically~*~*~ (stealth).
 22615 | D:14     | Reached XP level 16. HP: 104/106 MP: 23/23
 22646 | D:14     | 22646 ||| INVOKING Heroism.
 22730 | D:14     | Received a gift from Okawaru
 22743 | D:14     | Found a runed translucent door.
 22743 | D:14     | Found the +10 tower shield of Ignorance {rN+ Int-4}
 22750 | D:14     | Identified the +8 short sword "Govegast" {freeze, rCorr
                  | Str+2 Dex+4}
 22816 | D:14     | 22816 ||| INVOKING Heroism.
 22844 | D:14     | 22844 ||| Stepping ~*~*~tactically~*~*~ (stealth).
 22846 | D:14     | 22846 ||| Stepping ~*~*~tactically~*~*~ (stealth).
 23155 | D:14     | Found a runed translucent door.
 23381 | D:14     | Reached skill level 6 in Throwing
 23397 | D:14     | Found a gate to the Vaults.
 23508 | D:14     | 23508 ||| DROPPING amulet of guardian spirit.
 23535 | D:15     | Entered Level 15 of the Dungeon
 23536 | D:15     | 23536 ||| INVOKING Heroism.
 23661 | D:15     | Noticed Louise
 23663 | D:15     | 23663 ||| Stepping ~*~*~tactically~*~*~ (hiding).
 23668 | D:15     | 23668 ||| INVOKING Heroism.
 23669 | D:15     | 23669 ||| INVOKING Finesse.
 23710 | D:15     | Killed Louise
 23732 | D:15     | Noticed Nessos
 23733 | D:15     | 23733 ||| INVOKING Finesse.
 23743 | D:15     | 23743 ||| Stepping ~*~*~tactically~*~*~ (hiding).
 23745 | D:15     | 23745 ||| Stepping ~*~*~tactically~*~*~ (hiding).
 23746 | D:15     | 23746 ||| Stepping ~*~*~tactically~*~*~ (hiding).
 23747 | D:15     | Killed Nessos
 23751 | D:15     | 23751 ||| INVOKING Heroism.
 23771 | D:15     | Identified the +8 hand axe of Equilibrium {venom, Stlth+}
                  | (Okawaru gifted it to you on level 15 of the Dungeon)
 23771 | D:15     | Received a gift from Okawaru
 23792 | D:15     | 23792 ||| INVOKING Heroism.
 23852 | D:15     | 23852 ||| INVOKING Heroism.
 23931 | D:15     | 23931 ||| INVOKING Heroism.
 24107 | D:15     | 24107 ||| Stepping ~*~*~tactically~*~*~ (hiding).
 24154 | D:15     | Found a staircase to the Depths.
 24155 | D:15     | 24155 ||| INVOKING Heroism.
 24156 | D:15     | 24156 ||| INVOKING Finesse.
 24163 | D:15     | HP: 26/107 [frost giant/+2 battleaxe of freezing (5)]
 24164 | D:15     | 24164 ||| READING 13 scrolls of teleportation.
 24165 | D:15     | 24165 ||| DRINKING potion of heal wounds.
 24815 | D:15     | 24815 ||| PLANNING ORC
 24815 | D:15     | 24815 ||| UPGRADING to +2 tower shield.
 24825 | D:15     | 24825 ||| DROPPING +0 kite shield.
 25058 | Orc:1    | Entered Level 1 of the Orcish Mines
 25059 | Orc:1    | 25059 ||| INVOKING Heroism.
 25303 | Orc:2    | Entered Level 2 of the Orcish Mines
 25304 | Orc:2    | Noticed Snorg
 25305 | Orc:2    | 25305 ||| INVOKING Heroism.
 25306 | Orc:2    | 25306 ||| INVOKING Finesse.
 25330 | Orc:2    | Killed Snorg
 25395 | Orc:2    | Found a staircase to the Elven Halls.
 25456 | Orc:2    | 25456 ||| Stepping ~*~*~tactically~*~*~ (stealth).
 25457 | Orc:2    | 25457 ||| Stepping ~*~*~tactically~*~*~ (stealth).
 25458 | Orc:2    | 25458 ||| Stepping ~*~*~tactically~*~*~ (stealth).
 25459 | Orc:2    | 25459 ||| INVOKING Heroism.
 25567 | Orc:2    | 25567 ||| Stepping ~*~*~tactically~*~*~ (hiding).
 25571 | Orc:2    | 25571 ||| INVOKING Heroism.
 25579 | Orc:2    | Found Corghiserph's Assorted Antiques.
 25631 | Orc:2    | 25631 ||| INVOKING Heroism.
 25643 | Orc:2    | Received a gift from Okawaru
 25646 | Orc:2    | 25646 ||| INVOKING Heroism.
 25660 | Orc:2    | Reached skill level 15 in Shields
 25662 | Orc:2    | 25662 ||| DROPPING +2 war axe of venom.
 25677 | Orc:2    | 25677 ||| SWAPPING to +2 vorpal broad axe.
 25678 | Orc:2    | 25678 ||| DROPPING +1 broad axe of pain.
 25680 | Orc:2    | Found Wupsu's Assorted Antiques.
 25684 | Orc:2    | 25684 ||| BUYING runed war axe (182 gold).
 25684 | Orc:2    | Bought a runed war axe for 182 gold pieces
 25684 | Orc:2    | 25684 ||| BUYING scroll of blinking (210 gold).
 25684 | Orc:2    | Bought a scroll of blinking for 210 gold pieces
 25684 | Orc:2    | 25684 ||| SWAPPING to +0 vampiric war axe.
 25688 | Orc:2    | 25688 ||| BUYING potion of resistance (320 gold).
 25688 | Orc:2    | Bought a potion of resistance for 320 gold pieces
 25688 | Orc:2    | 25688 ||| BUYING scroll labelled YCEIDEAJAE (32 gold).
 25688 | Orc:2    | Bought a scroll labelled YCEIDEAJAE for 32 gold pieces
 25688 | Orc:2    | Found Ahyiz's General Store.
 25690 | Orc:2    | Found Gequblub's Book Shoppe.
 25696 | Orc:2    | 25696 ||| BUYING potion of magic (120 gold).
 25696 | Orc:2    | Bought a potion of magic for 120 gold pieces
 25696 | Orc:2    | 25696 ||| BUYING scroll of identify (30 gold).
 25696 | Orc:2    | Bought a scroll of identify for 30 gold pieces
 25728 | Orc:2    | 25728 ||| Stepping ~*~*~tactically~*~*~ (stealth).
 25734 | Orc:2    | 25734 ||| INVOKING Heroism.
 25778 | Orc:2    | 25778 ||| INVOKING Heroism.
 25938 | Orc:2    | 25938 ||| INVOKING Heroism.
 25952 | Orc:2    | Noticed Saint Roka
 25953 | Orc:2    | 25953 ||| INVOKING Finesse.
 25981 | Orc:2    | HP: 22/107 [orc priest/divine providence[Saint Roka] (12)]
 25982 | Orc:2    | 25982 ||| READING 12 scrolls of teleportation.
 26314 | Orc:2    | 26314 ||| Stepping ~*~*~tactically~*~*~ (stealth).
 26316 | Orc:2    | 26316 ||| FLEEEEING.
 26317 | Orc:2    | 26317 ||| FLEEEEING.
 26318 | Orc:2    | 26318 ||| FLEEEEING.
 26319 | Orc:2    | 26319 ||| FLEEEEING.
 26322 | Orc:2    | 26322 ||| Stepping ~*~*~tactically~*~*~ (hiding).
 26324 | Orc:2    | 26324 ||| INVOKING Heroism.
 26325 | Orc:2    | 26325 ||| INVOKING Finesse.
 26356 | Orc:2    | Killed Saint Roka
 26571 | Orc:2    | 26571 ||| DROPPING +0 chain mail of fire resistance.
 26572 | Orc:2    | 26572 ||| READING scroll labelled YCEIDEAJAE.
 26586 | Orc:1    | Noticed Nergalle
 26587 | Orc:1    | 26587 ||| INVOKING Heroism.
 26602 | Orc:1    | Killed Nergalle
 26674 | Orc:1    | 26674 ||| Stepping ~*~*~tactically~*~*~ (stealth).
 26675 | Orc:1    | 26675 ||| Stepping ~*~*~tactically~*~*~ (stealth).
 26678 | Orc:1    | 26678 ||| INVOKING Heroism.
 26692 | Orc:1    | Received a gift from Okawaru
 26765 | Orc:1    | 26765 ||| PLANNING SWAMP:1-3
 26906 | Swamp:1  | Entered Level 1 of the Swamp
 26917 | Swamp:1  | 26917 ||| INVOKING Heroism.
 27061 | Swamp:1  | 27061 ||| Stepping ~*~*~tactically~*~*~ (stealth).
 27062 | Swamp:1  | 27062 ||| INVOKING Heroism.
 27113 | Swamp:1  | 27113 ||| Stepping ~*~*~tactically~*~*~ (stealth).
 27140 | Swamp:1  | 27140 ||| Stepping ~*~*~tactically~*~*~ (stealth).
 27206 | Swamp:1  | 27206 ||| Stepping ~*~*~tactically~*~*~ (stealth).
 27208 | Swamp:1  | 27208 ||| Stepping ~*~*~tactically~*~*~ (stealth).
 27209 | Swamp:1  | 27209 ||| INVOKING Heroism.
 27401 | Swamp:1  | Received a gift from Okawaru
 27417 | Swamp:1  | You are sucked into a shaft and drop 1 floor!
 27418 | Swamp:2  | 27418 ||| INVOKING Heroism.
 27419 | Swamp:2  | 27419 ||| SWAPPING to +1 war axe of flaming.
 27425 | Swamp:2  | 27425 ||| SWAPPING to +0 vampiric war axe.
 27433 | Swamp:2  | Reached XP level 17. HP: 81/112 MP: 24/24
 27476 | Swamp:2  | 27476 ||| INVOKING Heroism.
 27542 | Swamp:2  | Noticed Donald
 27543 | Swamp:2  | 27543 ||| Stepping ~*~*~tactically~*~*~ (hiding).
 27544 | Swamp:2  | 27544 ||| Stepping ~*~*~tactically~*~*~ (hiding).
 27548 | Swamp:2  | 27548 ||| INVOKING Heroism.
 27549 | Swamp:2  | 27549 ||| INVOKING Finesse.
 27575 | Swamp:2  | Reached skill level 15 in Axes
 27575 | Swamp:2  | Killed Donald
 27602 | Swamp:2  | 27602 ||| SWAPPING to +2 vampiric broad axe.
 27603 | Swamp:2  | 27603 ||| DROPPING +2 vorpal broad axe.
 27604 | Swamp:2  | 27604 ||| DROPPING +0 vampiric war axe.
 27624 | Swamp:2  | Noticed Roxanne
 27625 | Swamp:2  | 27625 ||| INVOKING Heroism.
 27644 | Swamp:2  | Killed Roxanne
 27722 | Swamp:2  | 27722 ||| Stepping ~*~*~tactically~*~*~ (stealth).
 27738 | Swamp:2  | 27738 ||| Stepping ~*~*~tactically~*~*~ (stealth).
 27740 | Swamp:2  | 27740 ||| Stepping ~*~*~tactically~*~*~ (stealth).
 27741 | Swamp:2  | 27741 ||| INVOKING Heroism.
 27749 | Swamp:2  | 27749 ||| SWAPPING to +1 war axe of flaming.
 27758 | Swamp:2  | 27758 ||| SWAPPING to +2 vampiric broad axe.
 27771 | Swamp:2  | 27771 ||| DROPPING +0 plate armour.
 27772 | Swamp:2  | 27772 ||| UPGRADING to +2 pair of boots.
 27782 | Swamp:2  | 27782 ||| DROPPING +1 pair of boots.
 27783 | Swamp:2  | 27783 ||| DROPPING +4 scale mail of cold resistance.
 27784 | Swamp:2  | 27784 ||| UPGRADING to +4 plate armour of poison
                  | resistance.
 27794 | Swamp:2  | 27794 ||| DROPPING +3 scale mail of Teginod {Dex+3 SInv}.
 27795 | Swamp:2  | 27795 ||| DROPPING ring of magical power.
 27810 | Swamp:1  | 27810 ||| Stepping ~*~*~tactically~*~*~ (hiding).
 27989 | Swamp:1  | 27989 ||| INVOKING Heroism.
 27993 | Swamp:1  | Received a gift from Okawaru
 28216 | Swamp:1  | 28216 ||| Stepping ~*~*~tactically~*~*~ (hiding).
 28220 | Swamp:1  | 28220 ||| Stepping ~*~*~tactically~*~*~ (cloud).
 28278 | Swamp:1  | 28278 ||| Stepping ~*~*~tactically~*~*~ (cloud).
 28761 | Swamp:2  | 28761 ||| UPGRADING to +1 cloak.
 28771 | Swamp:2  | 28771 ||| DROPPING +0 cloak.
 28772 | Swamp:2  | 28772 ||| UPGRADING to ring of see invisible.
 28774 | Swamp:2  | 28774 ||| UPGRADING to +6 ring of strength.
 28796 | Swamp:3  | 28796 ||| INVOKING Heroism.
 28797 | Swamp:3  | 28797 ||| SWAPPING to +1 war axe of flaming.
 28804 | Swamp:3  | 28804 ||| SWAPPING to +2 vampiric broad axe.
 28863 | Swamp:3  | 28863 ||| INVOKING Heroism.
 28895 | Swamp:3  | 28895 ||| INVOKING Heroism.
 28934 | Swamp:3  | 28934 ||| FLEEEEING.
 28935 | Swamp:3  | 28935 ||| FLEEEEING.
 28936 | Swamp:3  | 28936 ||| FLEEEEING.
 28937 | Swamp:3  | 28937 ||| FLEEEEING.
 28938 | Swamp:3  | 28938 ||| FLEEEEING.
 28939 | Swamp:3  | 28939 ||| FLEEEEING.
 28940 | Swamp:3  | 28940 ||| FLEEEEING.
 28941 | Swamp:3  | 28941 ||| FLEEEEING.
 28942 | Swamp:3  | 28942 ||| FLEEEEING.
 28943 | Swamp:3  | 28943 ||| FLEEEEING.
 28944 | Swamp:3  | 28944 ||| FLEEEEING.
 28945 | Swamp:3  | 28945 ||| FLEEEEING.
 28946 | Swamp:3  | 28946 ||| FLEEEEING.
 28947 | Swamp:3  | 28947 ||| FLEEEEING.
 28948 | Swamp:3  | 28948 ||| FLEEEEING.
 28949 | Swamp:3  | 28949 ||| FLEEEEING.
 28950 | Swamp:3  | 28950 ||| FLEEEEING.
 28951 | Swamp:3  | 28951 ||| STAIRDANCE
 29155 | Swamp:3  | 29155 ||| Stepping ~*~*~tactically~*~*~ (stealth).
 29159 | Swamp:3  | 29159 ||| Stepping ~*~*~tactically~*~*~ (stealth).
 29321 | Swamp:3  | 29321 ||| Stepping ~*~*~tactically~*~*~ (hiding).
 29322 | Swamp:3  | 29322 ||| Stepping ~*~*~tactically~*~*~ (hiding).
 29325 | Swamp:3  | 29325 ||| Stepping ~*~*~tactically~*~*~ (hiding).
 29435 | Swamp:3  | 29435 ||| INVOKING Heroism.
 29437 | Swamp:3  | 29437 ||| Stepping ~*~*~tactically~*~*~ (stealth).
 29439 | Swamp:3  | 29439 ||| SWAPPING to +1 war axe of flaming.
 29442 | Swamp:3  | 29442 ||| SWAPPING to +2 vampiric broad axe.
 29462 | Swamp:3  | Identified the +6 kite shield of Wonder {rCorr Str+4 Int+3
                  | Slay+3} (Okawaru gifted it to you on level 3 of the Swamp)
 29462 | Swamp:3  | Received a gift from Okawaru
 29464 | Swamp:3  | 29464 ||| SWAPPING to +1 war axe of flaming.
 29467 | Swamp:3  | 29467 ||| SWAPPING to +2 vampiric broad axe.
 29480 | Swamp:3  | 29480 ||| Stepping ~*~*~tactically~*~*~ (hiding).
 29481 | Swamp:3  | 29481 ||| Stepping ~*~*~tactically~*~*~ (hiding).
 29483 | Swamp:3  | 29483 ||| SWAPPING to +1 war axe of flaming.
 29488 | Swamp:3  | 29488 ||| SWAPPING to +2 vampiric broad axe.
 29497 | Swamp:3  | 29497 ||| INVOKING Heroism.
 29500 | Swamp:3  | 29500 ||| Stepping ~*~*~tactically~*~*~ (cloud).
 29724 | Swamp:3  | 29724 ||| PLANNING SNAKE:1-3
 29724 | Swamp:3  | 29724 ||| UPGRADING to +6 kite shield of Wonder {rCorr
                  | Str+4 Int+3 Slay+3}.
 29852 | Snake:1  | Entered Level 1 of the Snake Pit
 29855 | Snake:1  | Noticed Aizul
 29856 | Snake:1  | 29856 ||| INVOKING Heroism.
 29857 | Snake:1  | 29857 ||| INVOKING Finesse.
 29869 | Snake:1  | Killed Aizul
 29903 | Snake:1  | 29903 ||| Stepping ~*~*~tactically~*~*~ (hiding).
 29904 | Snake:1  | 29904 ||| Stepping ~*~*~tactically~*~*~ (hiding).
 29998 | Snake:1  | Found a glowing silver altar of Zin.
 30016 | Snake:1  | 30016 ||| Stepping ~*~*~tactically~*~*~ (hiding).
 30064 | Snake:1  | 30064 ||| Stepping ~*~*~tactically~*~*~ (hiding).
 30065 | Snake:1  | 30065 ||| Stepping ~*~*~tactically~*~*~ (hiding).
 30066 | Snake:1  | 30066 ||| Stepping ~*~*~tactically~*~*~ (hiding).
 30213 | Snake:1  | 30213 ||| INVOKING Heroism.
 30238 | Snake:1  | 30238 ||| Stepping ~*~*~tactically~*~*~ (hiding).
 30254 | Snake:1  | 30254 ||| Stepping ~*~*~tactically~*~*~ (hiding).
 30306 | Snake:1  | Found Ylynaif's General Store.
 30309 | Snake:1  | 30309 ||| BUYING potion of haste (120 gold).
 30309 | Snake:1  | Bought a potion of haste for 120 gold pieces
 30542 | Snake:1  | 30542 ||| DROPPING amulet of the acrobat.
 30555 | Snake:2  | 30555 ||| Stepping ~*~*~tactically~*~*~ (hiding).
 30556 | Snake:2  | 30556 ||| Stepping ~*~*~tactically~*~*~ (hiding).
 30673 | Snake:2  | 30673 ||| INVOKING Heroism.
 30702 | Snake:2  | 30702 ||| Stepping ~*~*~tactically~*~*~ (hiding).
 30703 | Snake:2  | 30703 ||| Stepping ~*~*~tactically~*~*~ (hiding).
 30706 | Snake:2  | 30706 ||| INVOKING Heroism.
 30807 | Snake:2  | 30807 ||| Stepping ~*~*~tactically~*~*~ (hiding).
 30834 | Snake:2  | 30834 ||| INVOKING Heroism.
 30923 | Snake:2  | 30923 ||| INVOKING Heroism.
 30926 | Snake:2  | 30926 ||| Stepping ~*~*~tactically~*~*~ (hiding).
 30986 | Snake:2  | Received a gift from Okawaru
 31067 | Snake:2  | 31067 ||| INVOKING Heroism.
 31077 | Snake:2  | Received a gift from Okawaru
 31078 | Snake:2  | Reached XP level 18. HP: 117/117 MP: 23/25
 31078 | Snake:2  | 31078 ||| DROPPING +1 war axe of flaming.
 31103 | Snake:2  | 31103 ||| INVOKING Heroism.
 31216 | Snake:2  | 31216 ||| INVOKING Heroism.
 31523 | Snake:3  | 31523 ||| Stepping ~*~*~tactically~*~*~ (stealth).
 31526 | Snake:3  | 31526 ||| Stepping ~*~*~tactically~*~*~ (hiding).
 31539 | Snake:3  | 31539 ||| Stepping ~*~*~tactically~*~*~ (hiding).
 31558 | Snake:3  | 31558 ||| INVOKING Heroism.
 31702 | Snake:3  | 31702 ||| Stepping ~*~*~tactically~*~*~ (stealth).
 31708 | Snake:3  | 31708 ||| Stepping ~*~*~tactically~*~*~ (hiding).
 31716 | Snake:3  | 31716 ||| INVOKING Heroism.
 31749 | Snake:3  | Reached skill level 18 in Axes
 31752 | Snake:3  | Received a gift from Okawaru
 31770 | Snake:3  | 31770 ||| READING 2 scrolls of enchant armour.
 31770 | Snake:3  | 31770 ||| ENCHANTING +1 cloak.
 31771 | Snake:3  | 31771 ||| READING scroll of enchant armour.
 31771 | Snake:3  | 31771 ||| ENCHANTING +4 plate armour of poison resistance.
 31774 | Snake:3  | 31774 ||| Stepping ~*~*~tactically~*~*~ (stealth).
 31822 | Snake:3  | 31822 ||| Stepping ~*~*~tactically~*~*~ (hiding).
 32125 | Snake:3  | Received a gift from Okawaru
 32356 | Snake:3  | 32356 ||| Stepping ~*~*~tactically~*~*~ (hiding).
 32502 | Snake:3  | 32502 ||| PLANNING SWAMP:4
 32502 | Snake:3  | 32502 ||| DROPPING +2 chain mail of fire resistance.
 32503 | Snake:3  | 32503 ||| READING scroll labelled LYUMUT HIRO.
 32503 | Snake:3  | Identified a scroll of acquirement
 32503 | Snake:3  | 32503 ||| ACQUIRING ring "Naware" {+Blink rCorr Str+6
                  | Dex-4}
 32503 | Snake:3  | Acquired the ring "Naware" {+Blink rCorr Str+6 Dex-4}
 32672 | Swamp:4  | Entered Level 4 of the Swamp
 32682 | Swamp:4  | 32682 ||| INVOKING Heroism.
 32763 | Swamp:4  | 32763 ||| READING scroll of enchant armour.
 32763 | Swamp:4  | 32763 ||| ENCHANTING +5 plate armour of poison resistance.
 32799 | Swamp:4  | 32799 ||| INVOKING Heroism.
 32810 | Swamp:4  | 32810 ||| Stepping ~*~*~tactically~*~*~ (stealth).
 32834 | Swamp:4  | 32834 ||| Stepping ~*~*~tactically~*~*~ (stealth).
 32846 | Swamp:4  | 32846 ||| READING 13 scrolls of teleportation.
 32850 | Swamp:4  | 32850 ||| Stepping ~*~*~tactically~*~*~ (cloud).
 32952 | Swamp:4  | Noticed Nikola
 32953 | Swamp:4  | 32953 ||| Stepping ~*~*~tactically~*~*~ (hiding).
 32956 | Swamp:4  | 32956 ||| INVOKING Heroism.
 32957 | Swamp:4  | 32957 ||| INVOKING Finesse.
 32966 | Swamp:4  | Killed Nikola
 33143 | Swamp:4  | 33143 ||| Stepping ~*~*~tactically~*~*~ (hiding).
 33280 | Swamp:4  | 33280 ||| Stepping ~*~*~tactically~*~*~ (hiding).
 33281 | Swamp:4  | 33281 ||| Stepping ~*~*~tactically~*~*~ (hiding).
 33294 | Swamp:4  | 33294 ||| Stepping ~*~*~tactically~*~*~ (hiding).
 33302 | Swamp:4  | 33302 ||| Stepping ~*~*~tactically~*~*~ (stealth).
 33303 | Swamp:4  | 33303 ||| Stepping ~*~*~tactically~*~*~ (stealth).
 33310 | Swamp:4  | 33310 ||| Stepping ~*~*~tactically~*~*~ (hiding).
 33321 | Swamp:4  | 33321 ||| Stepping ~*~*~tactically~*~*~ (stealth).
 33323 | Swamp:4  | 33323 ||| Stepping ~*~*~tactically~*~*~ (hiding).
 33326 | Swamp:4  | 33326 ||| INVOKING Heroism.
 33343 | Swamp:4  | Reached skill level 15 in Fighting
 33354 | Swamp:4  | 33354 ||| Stepping ~*~*~tactically~*~*~ (hiding).
 33355 | Swamp:4  | 33355 ||| Stepping ~*~*~tactically~*~*~ (hiding).
 33361 | Swamp:4  | 33361 ||| INVOKING Heroism.
 33364 | Swamp:4  | Received a gift from Okawaru
 33391 | Swamp:4  | 33391 ||| Stepping ~*~*~tactically~*~*~ (stealth).
 33396 | Swamp:4  | 33396 ||| Stepping ~*~*~tactically~*~*~ (stealth).
 33398 | Swamp:4  | 33398 ||| Stepping ~*~*~tactically~*~*~ (hiding).
 33400 | Swamp:4  | 33400 ||| Stepping ~*~*~tactically~*~*~ (cloud).
 33419 | Swamp:4  | 33419 ||| Stepping ~*~*~tactically~*~*~ (stealth).
 33473 | Swamp:4  | 33473 ||| INVOKING Heroism.
 33487 | Swamp:4  | 33487 ||| Stepping ~*~*~tactically~*~*~ (hiding).
 33502 | Swamp:4  | 33502 ||| Stepping ~*~*~tactically~*~*~ (stealth).
 33543 | Swamp:4  | 33543 ||| INVOKING Heroism.
 33544 | Swamp:4  | 33544 ||| Stepping ~*~*~tactically~*~*~ (hiding).
 33549 | Swamp:4  | Received a gift from Okawaru
 33550 | Swamp:4  | Reached skill level 9 in Throwing
 33560 | Swamp:4  | 33560 ||| Stepping ~*~*~tactically~*~*~ (stealth).
 33562 | Swamp:4  | 33562 ||| Stepping ~*~*~tactically~*~*~ (hiding).
 33633 | Swamp:4  | Got a decaying rune of Zot
 33650 | Swamp:4  | 33650 ||| INVOKING Heroism.
 33683 | Swamp:4  | 33683 ||| Stepping ~*~*~tactically~*~*~ (hiding).
 33687 | Swamp:4  | 33687 ||| Stepping ~*~*~tactically~*~*~ (cloud).
 33939 | Swamp:4  | 33939 ||| PLANNING VAULTS:1-4
 33939 | Swamp:4  | 33939 ||| UPGRADING to +2 cloak of willpower.
 33949 | Swamp:4  | 33949 ||| DROPPING +2 cloak.
 34327 | Vaults:1 | Entered Level 1 of the Vaults
 34332 | Vaults:1 | 34332 ||| INVOKING Heroism.
 34338 | Vaults:1 | Received a gift from Okawaru
 34400 | Vaults:1 | Found Vofoga's Assorted Antiques.
 34452 | Vaults:1 | 34452 ||| Stepping ~*~*~tactically~*~*~ (stealth).
 34454 | Vaults:1 | 34454 ||| INVOKING Heroism.
 34455 | Vaults:1 | 34455 ||| INVOKING Finesse.
 34511 | Vaults:1 | 34511 ||| INVOKING Heroism.
 34518 | Vaults:1 | Reached skill level 15 in Armour
 34531 | Vaults:1 | Reached XP level 19. HP: 124/124 MP: 26/26
 34538 | Vaults:1 | Received a gift from Okawaru
 34540 | Vaults:1 | 34540 ||| DROPPING +2 broad axe of freezing.
 34557 | Vaults:1 | 34557 ||| INVOKING Heroism.
 34559 | Vaults:1 | 34559 ||| INVOKING Finesse.
 34682 | Vaults:1 | 34682 ||| READING scroll of acquirement.
 34682 | Vaults:1 | 34682 ||| ACQUIRING ring "Saoff" {rC+++ rN+ rCorr Str-5
                  | Int-4 Stlth+}
 34682 | Vaults:1 | Acquired the ring "Saoff" {rC+++ rN+ rCorr Str-5 Int-4
                  | Stlth+}
 34700 | Vaults:1 | 34700 ||| Stepping ~*~*~tactically~*~*~ (hiding).
 34702 | Vaults:1 | 34702 ||| Stepping ~*~*~tactically~*~*~ (hiding).
 34703 | Vaults:1 | 34703 ||| Stepping ~*~*~tactically~*~*~ (hiding).
 34704 | Vaults:1 | 34704 ||| Stepping ~*~*~tactically~*~*~ (hiding).
 34705 | Vaults:1 | 34705 ||| Stepping ~*~*~tactically~*~*~ (hiding).
 35004 | Vaults:1 | 35004 ||| INVOKING Heroism.
 35059 | Vaults:1 | Reached skill level 16 in Fighting
 35149 | Vaults:1 | 35149 ||| INVOKING Heroism.
 35162 | Vaults:1 | Identified the +1 robe of Divine Compulsion {rElec Regen+}
 35199 | Vaults:1 | 35199 ||| INVOKING Heroism.
 35200 | Vaults:1 | 35200 ||| Stepping ~*~*~tactically~*~*~ (stealth).
 35202 | Vaults:1 | 35202 ||| Stepping ~*~*~tactically~*~*~ (stealth).
 35240 | Vaults:1 | 35240 ||| READING scroll of enchant armour.
 35240 | Vaults:1 | 35240 ||| ENCHANTING +6 plate armour of poison resistance.
 35443 | Vaults:1 | 35443 ||| INVOKING Heroism.
 35452 | Vaults:1 | 35452 ||| Stepping ~*~*~tactically~*~*~ (hiding).
 35458 | Vaults:1 | Received a gift from Okawaru
 35476 | Vaults:1 | 35476 ||| Stepping ~*~*~tactically~*~*~ (stealth).
 35510 | Vaults:1 | 35510 ||| DROPPING +3 ring mail of Otur {-Tele rC+++
                  | Dex+3}.
 35684 | Vaults:2 | Received a gift from Okawaru
 35706 | Vaults:2 | 35706 ||| INVOKING Heroism.
 35707 | Vaults:2 | 35707 ||| INVOKING Finesse.
 35716 | Vaults:2 | 35716 ||| Stepping ~*~*~tactically~*~*~ (stealth).
 35750 | Vaults:2 | 35750 ||| Stepping ~*~*~tactically~*~*~ (hiding).
 35889 | Vaults:2 | 35889 ||| INVOKING Heroism.
 35890 | Vaults:2 | Received a gift from Okawaru
 35896 | Vaults:2 | 35896 ||| Stepping ~*~*~tactically~*~*~ (stealth).
 35902 | Vaults:2 | 35902 ||| Stepping ~*~*~tactically~*~*~ (stealth).
 35904 | Vaults:2 | 35904 ||| Stepping ~*~*~tactically~*~*~ (stealth).
 35905 | Vaults:2 | 35905 ||| Stepping ~*~*~tactically~*~*~ (stealth).
 36090 | Vaults:2 | 36090 ||| FLEEEEING.
 36091 | Vaults:2 | 36091 ||| FLEEEEING.
 36094 | Vaults:2 | 36094 ||| FLEEEEING.
 36095 | Vaults:2 | 36095 ||| FLEEEEING.
 36096 | Vaults:2 | 36096 ||| FLEEEEING.
 36097 | Vaults:2 | 36097 ||| FLEEEEING.
 36098 | Vaults:2 | 36098 ||| FLEEEEING.
 36099 | Vaults:2 | 36099 ||| FLEEEEING.
 36100 | Vaults:2 | 36100 ||| FLEEEEING.
 36105 | Vaults:2 | 36105 ||| FLEEEEING.
 36107 | Vaults:2 | 36107 ||| INVOKING Heroism.
 36130 | Vaults:2 | Reached skill level 17 in Fighting
 36136 | Vaults:2 | Received a gift from Okawaru
 36418 | Vaults:2 | 36418 ||| INVOKING Heroism.
 36461 | Vaults:2 | Paralysed by a great orb of eyes for 5 turns
 36471 | Vaults:2 | 36471 ||| Stepping ~*~*~tactically~*~*~ (hiding).
 36472 | Vaults:2 | 36472 ||| INVOKING Heroism.
 36482 | Vaults:2 | Noticed Jory
 36483 | Vaults:2 | 36483 ||| INVOKING Finesse.
 36487 | Vaults:2 | 36487 ||| Stepping ~*~*~tactically~*~*~ (hiding).
 36507 | Vaults:2 | Killed Jory
 36507 | Vaults:2 | Received a gift from Okawaru
 36560 | Vaults:2 | 36560 ||| DROPPING +1 vorpal broad axe.
 36654 | Vaults:2 | Found a staircase to the Crypt.
 36704 | Vaults:2 | 36704 ||| Stepping ~*~*~tactically~*~*~ (hiding).
 36708 | Vaults:2 | 36708 ||| INVOKING Heroism.
 36779 | Vaults:2 | 36779 ||| INVOKING Heroism.
 36810 | Vaults:2 | 36810 ||| READING scroll of enchant weapon.
 36810 | Vaults:2 | 36810 ||| ENCHANTING +2 vampiric broad axe.
 36971 | Vaults:2 | 36971 ||| INVOKING Heroism.
 37307 | Vaults:2 | 37307 ||| DROPPING ring of fire.
 37380 | Vaults:3 | 37380 ||| INVOKING Heroism.
 37387 | Vaults:3 | Reached skill level 18 in Fighting
 37390 | Vaults:3 | Reached XP level 20. HP: 136/136 MP: 25/27
 37406 | Vaults:3 | Identified the +1 robe of the Land of Plenty {Will+ Slay+4}
                  | (Okawaru gifted it to you on level 3 of the Vaults)
 37406 | Vaults:3 | Received a gift from Okawaru
 37454 | Vaults:3 | 37454 ||| FLEEEEING.
 37455 | Vaults:3 | 37455 ||| FLEEEEING.
 37456 | Vaults:3 | 37456 ||| FLEEEEING.
 37457 | Vaults:3 | 37457 ||| FLEEEEING.
 37458 | Vaults:3 | 37458 ||| FLEEEEING.
 37459 | Vaults:3 | 37459 ||| FLEEEEING.
 37460 | Vaults:3 | 37460 ||| FLEEEEING.
 37461 | Vaults:3 | 37461 ||| FLEEEEING.
 37462 | Vaults:3 | 37462 ||| FLEEEEING.
 37463 | Vaults:3 | 37463 ||| FLEEEEING.
 37464 | Vaults:3 | 37464 ||| FLEEEEING.
 37465 | Vaults:3 | 37465 ||| FLEEEEING.
 37466 | Vaults:3 | 37466 ||| FLEEEEING.
 37467 | Vaults:3 | 37467 ||| FLEEEEING.
 37468 | Vaults:3 | 37468 ||| FLEEEEING.
 37471 | Vaults:3 | 37471 ||| INVOKING Heroism.
 37493 | Vaults:3 | 37493 ||| INVOKING Heroism.
 37594 | Vaults:3 | 37594 ||| FLEEEEING.
 37629 | Vaults:3 | 37629 ||| INVOKING Heroism.
 37683 | Vaults:3 | 37683 ||| Stepping ~*~*~tactically~*~*~ (stealth).
 38025 | Vaults:3 | 38025 ||| INVOKING Heroism.
 38069 | Vaults:3 | 38069 ||| INVOKING Heroism.
 38591 | Vaults:3 | 38591 ||| DROPPING +6 ring of dexterity.
 38592 | Vaults:3 | 38592 ||| UPGRADING to +4 ring of evasion.
 38594 | Vaults:3 | 38594 ||| DROPPING +6 ring of strength.
 38660 | Vaults:4 | 38660 ||| STAIRDANCE
 38669 | Vaults:4 | 38669 ||| STAIRDANCE
 38674 | Vaults:3 | Reached skill level 18 in Armour
 38679 | Vaults:4 | 38679 ||| STAIRDANCE
 38716 | Vaults:4 | 38716 ||| Stepping ~*~*~tactically~*~*~ (hiding).
 38732 | Vaults:4 | 38732 ||| INVOKING Heroism.
 38826 | Vaults:4 | 38826 ||| INVOKING Heroism.
 38858 | Vaults:4 | 38858 ||| Stepping ~*~*~tactically~*~*~ (hiding).
 39016 | Vaults:4 | 39016 ||| INVOKING Heroism.
 39018 | Vaults:4 | 39018 ||| Stepping ~*~*~tactically~*~*~ (hiding).
 39181 | Vaults:4 | 39181 ||| Stepping ~*~*~tactically~*~*~ (hiding).
 39185 | Vaults:4 | 39185 ||| Stepping ~*~*~tactically~*~*~ (hiding).
 39199 | Vaults:4 | 39199 ||| INVOKING Heroism.
 39262 | Vaults:4 | Identified the +0 pair of gloves of Veuweffa {rCorr}
                  | (Okawaru gifted it to you on level 4 of the Vaults)
 39262 | Vaults:4 | Received a gift from Okawaru
 39299 | Vaults:4 | 39299 ||| INVOKING Heroism.
 39319 | Vaults:4 | 39319 ||| Stepping ~*~*~tactically~*~*~ (stealth).
 39321 | Vaults:4 | 39321 ||| Stepping ~*~*~tactically~*~*~ (hiding).
 39334 | Vaults:4 | Reached skill level 19 in Fighting
 39339 | Vaults:4 | 39339 ||| INVOKING Heroism.
 39364 | Vaults:4 | 39364 ||| Stepping ~*~*~tactically~*~*~ (stealth).
 39469 | Vaults:4 | Found Liciawki's Jewellery Boutique.
 39500 | Vaults:4 | 39500 ||| INVOKING Heroism.
 39507 | Vaults:4 | 39507 ||| Stepping ~*~*~tactically~*~*~ (hiding).
 39568 | Vaults:4 | 39568 ||| INVOKING Heroism.
 39656 | Vaults:4 | 39656 ||| Stepping ~*~*~tactically~*~*~ (stealth).
 39755 | Vaults:4 | 39755 ||| Stepping ~*~*~tactically~*~*~ (stealth).
 39757 | Vaults:4 | 39757 ||| Stepping ~*~*~tactically~*~*~ (stealth).
 39758 | Vaults:4 | 39758 ||| INVOKING Heroism.
 39759 | Vaults:4 | 39759 ||| Stepping ~*~*~tactically~*~*~ (stealth).
 39760 | Vaults:4 | 39760 ||| Stepping ~*~*~tactically~*~*~ (stealth).
 39776 | Vaults:4 | 39776 ||| INVOKING Heroism.
 39816 | Vaults:4 | 39816 ||| Stepping ~*~*~tactically~*~*~ (stealth).
 39818 | Vaults:4 | 39818 ||| Stepping ~*~*~tactically~*~*~ (stealth).
 40007 | Vaults:4 | 40007 ||| INVOKING Heroism.
 40008 | Vaults:4 | 40008 ||| INVOKING Finesse.
 40020 | Vaults:4 | Reached XP level 21. HP: 144/144 MP: 21/28
 40161 | Vaults:4 | 40161 ||| PLANNING SNAKE:4
 40620 | Snake:4  | Entered Level 4 of the Snake Pit
 40621 | Snake:4  | 40621 ||| STAIRDANCE
 40623 | Snake:3  | 40623 ||| INVOKING Heroism.
 40636 | Snake:4  | 40636 ||| STAIRDANCE
 40646 | Snake:4  | 40646 ||| STAIRDANCE
 40825 | Snake:4  | 40825 ||| Stepping ~*~*~tactically~*~*~ (hiding).
 40867 | Snake:4  | 40867 ||| Stepping ~*~*~tactically~*~*~ (hiding).
 40903 | Snake:4  | 40903 ||| Stepping ~*~*~tactically~*~*~ (hiding).
 40904 | Snake:4  | 40904 ||| Stepping ~*~*~tactically~*~*~ (hiding).
 40906 | Snake:4  | 40906 ||| Stepping ~*~*~tactically~*~*~ (hiding).
 40908 | Snake:4  | 40908 ||| INVOKING Heroism.
 40960 | Snake:4  | Reached skill level 20 in Fighting
 40968 | Snake:4  | 40968 ||| INVOKING Heroism.
 40974 | Snake:4  | Received a gift from Okawaru
 41042 | Snake:4  | 41042 ||| Stepping ~*~*~tactically~*~*~ (hiding).
 41114 | Snake:4  | Got a serpentine rune of Zot
 41121 | Snake:4  | 41121 ||| Stepping ~*~*~tactically~*~*~ (hiding).
 41234 | Snake:4  | 41234 ||| Stepping ~*~*~tactically~*~*~ (hiding).
 41236 | Snake:4  | 41236 ||| Stepping ~*~*~tactically~*~*~ (hiding).
 41251 | Snake:4  | Received a gift from Okawaru
 41337 | Snake:4  | 41337 ||| Stepping ~*~*~tactically~*~*~ (hiding).
 41415 | Snake:4  | 41415 ||| Stepping ~*~*~tactically~*~*~ (hiding).
 41417 | Snake:4  | 41417 ||| Stepping ~*~*~tactically~*~*~ (stealth).
 41425 | Snake:4  | 41425 ||| INVOKING Heroism.
 41478 | Snake:4  | 41478 ||| Stepping ~*~*~tactically~*~*~ (stealth).
 41522 | Snake:4  | Identified the +1 ring mail of the Yeti {rF- Dex+3}
 41554 | Snake:4  | 41554 ||| Stepping ~*~*~tactically~*~*~ (hiding).
 41635 | Snake:4  | 41635 ||| PLANNING DEPTHS
 41961 | Depths:1 | Entered Level 1 of the Depths
 41983 | Depths:1 | 41983 ||| Stepping ~*~*~tactically~*~*~ (hiding).
 41985 | Depths:1 | 41985 ||| INVOKING Heroism.
 41987 | Depths:1 | Noticed Asterion
 41988 | Depths:1 | 41988 ||| INVOKING Finesse.
 41998 | Depths:1 | Received a gift from Okawaru
 42019 | Depths:1 | Killed Asterion
 42101 | Depths:1 | 42101 ||| INVOKING Finesse.
 42103 | Depths:1 | 42103 ||| INVOKING Heroism.
 42104 | Depths:1 | 42104 ||| DRINKING 16 potions of curing.
 42104 | Depths:1 | 42104 ||| (to cure confusion)
 42194 | Depths:1 | Noticed qw's ghost (adept GrFi)
 42308 | Depths:1 | 42308 ||| INVOKING Heroism.
 42335 | Depths:1 | 42335 ||| READING scroll of enchant weapon.
 42335 | Depths:1 | 42335 ||| ENCHANTING +3 vampiric broad axe.
 42369 | Depths:1 | 42369 ||| Stepping ~*~*~tactically~*~*~ (stealth).
 42371 | Depths:1 | 42371 ||| INVOKING Finesse.
 42375 | Depths:1 | 42375 ||| INVOKING Heroism.
 42638 | Depths:1 | Found a runed translucent door.
 42734 | Depths:1 | Found a gateway to Hell.
 43224 | Depths:2 | 43224 ||| PLANNING WIZLAB
 43235 | Depths:2 | 43235 ||| Stepping ~*~*~tactically~*~*~ (hiding).
 43253 | Depths:2 | Reached skill level 6 in Dodging
 43253 | Depths:2 | Received a gift from Okawaru
 43254 | Depths:2 | 43254 ||| Stepping ~*~*~tactically~*~*~ (hiding).
 43255 | Depths:2 | 43255 ||| Stepping ~*~*~tactically~*~*~ (hiding).
 43286 | Depths:2 | 43286 ||| INVOKING Heroism.
 43334 | Depths:2 | Received a gift from Okawaru
 43351 | Depths:2 | Reached XP level 22. HP: 148/153 MP: 29/29
 43507 | Depths:2 | Identified the amulet "Kocastosm" {*Slow rElec Will+ Regen+
                  | Str+4}
 43541 | Depths:2 | Found a magical portal.
 43572 | WizLab   | Entered Cigotuvi's Fleshworks
 43654 | WizLab   | 43654 ||| Stepping ~*~*~tactically~*~*~ (cloud).
 43672 | WizLab   | 43672 ||| Stepping ~*~*~tactically~*~*~ (cloud).
 43755 | WizLab   | 43755 ||| INVOKING Heroism.
 43783 | WizLab   | 43783 ||| Stepping ~*~*~tactically~*~*~ (hiding).
 43828 | WizLab   | 43828 ||| INVOKING Heroism.
 43831 | WizLab   | Paralysed by a floating eye for 4 turns
 43839 | WizLab   | Paralysed by a floating eye for 4 turns
 43844 | WizLab   | 43844 ||| DRINKING 15 potions of curing.
 43844 | WizLab   | 43844 ||| (to cure confusion)
 43893 | WizLab   | 43893 ||| INVOKING Heroism.
 43894 | WizLab   | 43894 ||| Stepping ~*~*~tactically~*~*~ (stealth).
 43894 | WizLab   | Paralysed by a floating eye for 3 turns
 43903 | WizLab   | Reached skill level 21 in Fighting
 43930 | WizLab   | Identified the ring "Moraos" {Will+ Dex+4}
 43949 | WizLab   | 43949 ||| Stepping ~*~*~tactically~*~*~ (stealth).
 43951 | WizLab   | 43951 ||| INVOKING Heroism.
 43958 | WizLab   | Reached skill level 18 in Shields
 44067 | WizLab   | 44067 ||| DROPPING ring "Moraos" {Will+ Dex+4}.
 44068 | WizLab   | 44068 ||| READING 13 scrolls of teleportation.
 44134 | WizLab   | 44134 ||| Stepping ~*~*~tactically~*~*~ (cloud).
 44140 | WizLab   | 44140 ||| INVOKING Heroism.
 44210 | WizLab   | 44210 ||| INVOKING Heroism.
 44290 | WizLab   | 44290 ||| Stepping ~*~*~tactically~*~*~ (hiding).
 44322 | WizLab   | 44322 ||| INVOKING Heroism.
 44324 | WizLab   | Received a gift from Okawaru
 44494 | WizLab   | 44494 ||| READING 12 scrolls of teleportation.
 44553 | Depths:2 | 44553 ||| PLANNING DEPTHS
 44750 | Depths:2 | 44750 ||| INVOKING Heroism.
 44751 | Depths:2 | 44751 ||| INVOKING Finesse.
 44804 | Depths:2 | Found a hide-covered altar of Uskayaw.
 44911 | Depths:2 | 44911 ||| INVOKING Heroism.
 44920 | Depths:2 | Received a gift from Okawaru
 44933 | Depths:2 | Reached skill level 12 in Throwing
 45003 | Depths:2 | Found Nawk's Neck Hole.
 45079 | Depths:2 | Found a one-way gate leading to the halls of Pandemonium.
 45080 | Depths:2 | 45080 ||| INVOKING Heroism.
 45210 | Depths:3 | 45210 ||| Stepping ~*~*~tactically~*~*~ (stealth).
 45213 | Depths:3 | 45213 ||| Stepping ~*~*~tactically~*~*~ (hiding).
 45218 | Depths:3 | 45218 ||| INVOKING Heroism.
 45219 | Depths:3 | 45219 ||| INVOKING Finesse.
 45234 | Depths:3 | 45234 ||| Stepping ~*~*~tactically~*~*~ (hiding).
 45294 | Depths:3 | 45294 ||| INVOKING Heroism.
 45369 | Depths:3 | Found Cyij's Book Emporium.
 45380 | Depths:3 | 45380 ||| INVOKING Heroism.
 45381 | Depths:3 | 45381 ||| INVOKING Finesse.
 45381 | Depths:3 | Noticed a golden dragon
 45404 | Depths:3 | Killed a golden dragon
 45432 | Depths:3 | Noticed Dameikh's ghost (veteran FoFi)
 45462 | Depths:3 | 45462 ||| Stepping ~*~*~tactically~*~*~ (stealth).
 45468 | Depths:3 | 45468 ||| INVOKING Heroism.
 45492 | Depths:3 | Found Qoomn's Antique Armour Shoppe.
 45493 | Depths:3 | Found a runed translucent door.
 45501 | Depths:3 | 45501 ||| BUYING shiny plate armour (884 gold).
 45501 | Depths:3 | Bought a shiny plate armour for 884 gold pieces
 45501 | Depths:3 | 45501 ||| BUYING smoking plate armour (952 gold).
 45501 | Depths:3 | Bought a smoking plate armour for 952 gold pieces
 45501 | Depths:3 | Identified the +7 plate armour of Time Monsters {Int+3}
                  | (You bought it in a shop on level 3 of the Depths)
 45501 | Depths:3 | 45501 ||| SHOPLISTING twisted plate armour (952 gold, have
                  | 900).
 45503 | Depths:3 | Found Huloeqygg's Magic Scroll Shop.
 45540 | Depths:3 | 45540 ||| BUYING scroll of blinking (112 gold).
 45540 | Depths:3 | Bought a scroll of blinking for 112 gold pieces
 45540 | Depths:3 | 45540 ||| BUYING scroll of enchant weapon (112 gold).
 45540 | Depths:3 | Bought a scroll of enchant weapon for 112 gold pieces
 45540 | Depths:3 | 45540 ||| READING scroll of enchant weapon.
 45540 | Depths:3 | 45540 ||| ENCHANTING +4 vampiric broad axe.
 45547 | Depths:3 | 45547 ||| Stepping ~*~*~tactically~*~*~ (stealth).
 45549 | Depths:3 | 45549 ||| INVOKING Heroism.
 45550 | Depths:3 | 45550 ||| INVOKING Finesse.
 45553 | Depths:3 | Reached skill level 21 in Armour
 45572 | Depths:3 | Found a runed translucent door.
 45587 | Depths:3 | 45587 ||| INVOKING Finesse.
 45600 | Depths:3 | Received a gift from Okawaru
 45764 | Depths:3 | 45764 ||| READING scroll of enchant armour.
 45764 | Depths:3 | 45764 ||| ENCHANTING +7 plate armour of poison resistance.
 45841 | Depths:3 | 45841 ||| Stepping ~*~*~tactically~*~*~ (hiding).
 45846 | Depths:3 | 45846 ||| Stepping ~*~*~tactically~*~*~ (cloud).
 45848 | Depths:3 | 45848 ||| Stepping ~*~*~tactically~*~*~ (cloud).
 45849 | Depths:3 | 45849 ||| Stepping ~*~*~tactically~*~*~ (cloud).
 45895 | Depths:3 | 45895 ||| INVOKING Heroism.
 45896 | Depths:3 | 45896 ||| INVOKING Finesse.
 45937 | Depths:3 | 45937 ||| Stepping ~*~*~tactically~*~*~ (stealth).
 45953 | Depths:3 | 45953 ||| Stepping ~*~*~tactically~*~*~ (stealth).
 45959 | Depths:3 | 45959 ||| Stepping ~*~*~tactically~*~*~ (stealth).
 45960 | Depths:3 | 45960 ||| INVOKING Heroism.
 46138 | Depths:3 | 46138 ||| Stepping ~*~*~tactically~*~*~ (stealth).
 46140 | Depths:3 | 46140 ||| Stepping ~*~*~tactically~*~*~ (stealth).
 46142 | Depths:3 | 46142 ||| Stepping ~*~*~tactically~*~*~ (hiding).
 46150 | Depths:3 | 46150 ||| Stepping ~*~*~tactically~*~*~ (cloud).
 46510 | Depths:3 | Found Kupyts's Assorted Antiques.
 46518 | Depths:3 | 46518 ||| BUYING scroll of blinking (292 gold).
 46518 | Depths:3 | Bought a scroll of blinking for 292 gold pieces
 46606 | Depths:3 | 46606 ||| INVOKING Heroism.
 46664 | Depths:3 | Noticed a dread lich
 46709 | Depths:3 | 46709 ||| INVOKING Heroism.
 46991 | Depths:3 | 46991 ||| DROPPING +0 ice dragon scales.
 46992 | Depths:3 | 46992 ||| DROPPING +7 plate armour of Time Monsters
                  | {Int+3}.
 47004 | Depths:4 | Entered Level 4 of the Depths
 47005 | Depths:4 | 47005 ||| INVOKING Heroism.
 47077 | Depths:4 | Noticed a juggernaut
 47078 | Depths:4 | 47078 ||| INVOKING Heroism.
 47096 | Depths:4 | Killed a juggernaut
 47096 | Depths:4 | Received a gift from Okawaru
 47152 | Depths:4 | 47152 ||| INVOKING Heroism.
 47185 | Depths:4 | 47185 ||| Stepping ~*~*~tactically~*~*~ (hiding).
 47243 | Depths:4 | 47243 ||| Stepping ~*~*~tactically~*~*~ (hiding).
 47244 | Depths:4 | 47244 ||| Stepping ~*~*~tactically~*~*~ (hiding).
 47259 | Depths:4 | Reached skill level 22 in Fighting
 47345 | Depths:4 | 47345 ||| Stepping ~*~*~tactically~*~*~ (hiding).
 47346 | Depths:4 | 47346 ||| INVOKING Heroism.
 47367 | Depths:4 | Found a one-way gateway to a ziggurat.
 47539 | Depths:4 | 47539 ||| INVOKING Heroism.
 47664 | Depths:4 | 47664 ||| Stepping ~*~*~tactically~*~*~ (hiding).
 47667 | Depths:4 | 47667 ||| INVOKING Heroism.
 47732 | Depths:4 | 47732 ||| Stepping ~*~*~tactically~*~*~ (hiding).
 47735 | Depths:4 | 47735 ||| INVOKING Heroism.
 47741 | Depths:4 | Reached XP level 23. HP: 136/162 MP: 27/30
 47758 | Depths:4 | Found a gate to the Realm of Zot.
 47963 | Depths:4 | 47963 ||| PLANNING VAULTS:5
 47963 | Depths:4 | 47963 ||| UPGRADING to amulet "Kocastosm" {*Slow rElec
                  | Will+ Regen+ Str+4}.
 48350 | Vaults:5 | Entered Level 5 of the Vaults
 48351 | Vaults:5 | 48351 ||| INVOKING Heroism.
 48352 | Vaults:5 | 48352 ||| STAIRDANCE
 48369 | Vaults:5 | 48369 ||| STAIRDANCE
 48390 | Vaults:5 | 48390 ||| STAIRDANCE
 48397 | Vaults:4 | Identified the +1 scale mail "Zoinimol" {rN+ Will- rCorr}
                  | (Okawaru gifted it to you on level 4 of the Vaults)
 48397 | Vaults:4 | Received a gift from Okawaru
 48407 | Vaults:4 | 48407 ||| INVOKING Heroism.
 48425 | Vaults:5 | 48425 ||| STAIRDANCE
 48452 | Vaults:5 | 48452 ||| STAIRDANCE
 48457 | Vaults:4 | 48457 ||| INVOKING Heroism.
 48475 | Vaults:5 | 48475 ||| STAIRDANCE
 48485 | Vaults:5 | 48485 ||| STAIRDANCE
 48538 | Vaults:5 | 48538 ||| INVOKING Heroism.
 48556 | Vaults:5 | 48556 ||| INVOKING Finesse.
 48588 | Vaults:5 | Noticed a golden dragon
 48589 | Vaults:5 | 48589 ||| Stepping ~*~*~tactically~*~*~ (hiding).
 48590 | Vaults:5 | 48590 ||| INVOKING Finesse.
 48597 | Vaults:5 | Killed a golden dragon
 48610 | Vaults:5 | 48610 ||| Stepping ~*~*~tactically~*~*~ (stealth).
 48627 | Vaults:5 | 48627 ||| Stepping ~*~*~tactically~*~*~ (hiding).
 48628 | Vaults:5 | 48628 ||| Stepping ~*~*~tactically~*~*~ (hiding).
 48631 | Vaults:5 | 48631 ||| INVOKING Heroism.
 48638 | Vaults:5 | Reached skill level 23 in Fighting
 48673 | Vaults:5 | 48673 ||| INVOKING Finesse.
 48675 | Vaults:5 | Noticed an ancient lich
 48681 | Vaults:5 | Noticed an ancient lich
 48688 | Vaults:5 | 48688 ||| INVOKING Heroism.
 48702 | Vaults:5 | 48702 ||| INVOKING Finesse.
 48704 | Vaults:5 | Killed an ancient lich
 48715 | Vaults:5 | Noticed an ancient lich
 48718 | Vaults:5 | Killed an ancient lich
 48733 | Vaults:5 | Killed an ancient lich
 48738 | Vaults:5 | Received a gift from Okawaru
 48864 | Vaults:5 | 48864 ||| INVOKING Heroism.
 48865 | Vaults:5 | 48865 ||| INVOKING Finesse.
 48962 | Vaults:5 | 48962 ||| INVOKING Heroism.
 48963 | Vaults:5 | 48963 ||| INVOKING Finesse.
 49007 | Vaults:5 | Got a silver rune of Zot
 49010 | Vaults:5 | 49010 ||| Stepping ~*~*~tactically~*~*~ (hiding).
 49011 | Vaults:5 | 49011 ||| Stepping ~*~*~tactically~*~*~ (hiding).
 49018 | Vaults:5 | 49018 ||| INVOKING Heroism.
 49019 | Vaults:5 | 49019 ||| INVOKING Finesse.
 49060 | Vaults:5 | Identified the +5 morningstar "Trog's Hatred" {vorpal,
                  | SInv}
 49084 | Vaults:5 | Reached XP level 24. HP: 171/171 MP: 30/30
 49097 | Vaults:5 | 49097 ||| Stepping ~*~*~tactically~*~*~ (hiding).
 49098 | Vaults:5 | 49098 ||| Stepping ~*~*~tactically~*~*~ (hiding).
 49100 | Vaults:5 | 49100 ||| INVOKING Heroism.
 49154 | Vaults:5 | Identified the ring of Pragmatism {rPois rF++ rCorr Str+6
                  | Int+3}
 49175 | Vaults:5 | 49175 ||| READING scroll of acquirement.
 49175 | Vaults:5 | 49175 ||| ACQUIRING amulet of Beauty {rPois rN+ Will+
                  | Regen+ MP+9}
 49175 | Vaults:5 | Acquired the amulet of Beauty {rPois rN+ Will+ Regen+ MP+9}
 49177 | Vaults:5 | 49177 ||| UPGRADING to amulet of Beauty {rPois rN+ Will+
                  | Regen+ MP+9}.
 49236 | Vaults:5 | 49236 ||| INVOKING Heroism.
 49472 | Vaults:5 | 49472 ||| INVOKING Heroism.
 49612 | Vaults:5 | 49612 ||| Stepping ~*~*~tactically~*~*~ (stealth).
 49630 | Vaults:5 | Found Efygil's Jewellery Shop.
 49634 | Vaults:5 | 49634 ||| BUYING ring "Axzeme" {+Blink rPois Str+2 Int-2
                  | SInv} (464 gold).
 49634 | Vaults:5 | Bought the ring "Axzeme" {+Blink rPois Str+2 Int-2 SInv}
                  | for 464 gold pieces
 49635 | Vaults:5 | Found Beziushrili's Antique Weapon Shop.
 49635 | Vaults:5 | Found Dody's Antique Armour Shoppe.
 49651 | Vaults:5 | Found Acremeck's Magic Scroll Boutique.
 49690 | Vaults:5 | Found Igayjor's Distillery.
 49694 | Vaults:5 | 49694 ||| BUYING 2 potions of lignification (78 gold).
 49694 | Vaults:5 | Bought 2 potions of lignification for 78 gold pieces
 49694 | Vaults:5 | 49694 ||| BUYING potion of curing (39 gold).
 49694 | Vaults:5 | Bought a potion of curing for 39 gold pieces
 49694 | Vaults:5 | 49694 ||| BUYING potion of haste (130 gold).
 49694 | Vaults:5 | Bought a potion of haste for 130 gold pieces
 49694 | Vaults:5 | 49694 ||| BUYING potion of haste (130 gold).
 49694 | Vaults:5 | Bought a potion of haste for 130 gold pieces
 49694 | Vaults:5 | 49694 ||| BUYING potion of lignification (39 gold).
 49694 | Vaults:5 | Bought a potion of lignification for 39 gold pieces
 49694 | Vaults:5 | 49694 ||| BUYING potion of might (52 gold).
 49694 | Vaults:5 | Bought a potion of might for 52 gold pieces
 49694 | Vaults:5 | 49694 ||| BUYING potion of might (52 gold).
 49694 | Vaults:5 | Bought a potion of might for 52 gold pieces
 49758 | Vaults:5 | 49758 ||| INVOKING Heroism.
 49819 | Vaults:5 | 49819 ||| PLANNING SHOPPING SPREE
 49819 | Vaults:5 | 49819 ||| DROPPING +2 plate armour of cold resistance.
 49820 | Vaults:5 | 49820 ||| DROPPING +1 helmet.
 49821 | Vaults:5 | 49821 ||| DROPPING +2 hat.
 49822 | Vaults:5 | 49822 ||| DROPPING ring of protection from fire.
 49823 | Vaults:5 | 49823 ||| UPGRADING to ring of Pragmatism {rPois rF++ rCorr
                  | Str+6 Int+3}.
 49825 | Vaults:5 | 49825 ||| UPGRADING to +2 tower shield.
 49835 | Vaults:5 | 49835 ||| UPGRADING to ring "Axzeme" {+Blink rPois Str+2
                  | Int-2 SInv}.
 49837 | Vaults:5 | 49837 ||| DROPPING ring of see invisible.
 49838 | Vaults:5 | 49838 ||| READING 28 scrolls of identify.
 49838 | Vaults:5 | 49838 ||| IDENTIFYING puce potion
 49839 | Vaults:5 | 49839 ||| DROPPING potion of invisibility.
 49840 | Vaults:5 | 49840 ||| CLEARING SHOPPING LIST
 49840 | Vaults:5 | 49840 ||| PLANNING ZOT
 49840 | Vaults:5 | 49840 ||| READING 15 scrolls of teleportation.
 50238 | Zot:1    | Entered Level 1 of the Realm of Zot
 50239 | Zot:1    | 50239 ||| INVOKING Heroism.
 50245 | Zot:1    | Received a gift from Okawaru
 50263 | Zot:1    | Noticed a shard shrike
 50265 | Zot:1    | 50265 ||| INVOKING Finesse.
 50293 | Zot:1    | Received a gift from Okawaru
 50293 | Zot:1    | Killed a shard shrike
 50323 | Zot:1    | 50323 ||| INVOKING Heroism.
 50358 | Zot:1    | Received a gift from Okawaru
 50379 | Zot:1    | Identified the +3 great mace of Success {spect, rElec rPois
                  | rC+ SInv}
 50478 | Zot:1    | 50478 ||| Stepping ~*~*~tactically~*~*~ (stealth).
 50480 | Zot:1    | 50480 ||| INVOKING Heroism.
 50497 | Zot:1    | HP: 21/172 [yellow draconian/+0 trident (26)]
 50498 | Zot:1    | 50498 ||| READING 14 scrolls of teleportation.
 50498 | Zot:1    | HP: 5/172 [green draconian/+0 glaive[a green draconian
                  | monk] (10)]
 50498 | Zot:1    | Slain by a yellow draconian

Levels and vault maps discovered:
D:1:      roderic_chinese_lattice_arrival, layout_basic,
          shapermc_ecumenical_altar_ellora
D:2:      layout_loops_ring
D:3:      layout_rooms, mainiacjoe_overflow_paths, mainiacjoe_overflow_chevrons,
          uniq_terence
D:4:      layout_cave_pools, grunt_temple_overflow_bloody_war,
          gammafunk_temple_overflow_statue, mainiacjoe_overflow_surrounded_room,
          minmay_temple_entry_stoned_glass, serial_shops, nicolae_shop_crystal,
          minmay_misc_feat_ornament
D:5:      kennysheep_six_static_rooms, layout_loops_ring, minmay_misc_feat_rows
D:6:      layout_basic, general_overflow_altar, chequers_garden, uniq_maggie
D:7:      layout_gridville, serial_shops, shop
D:8:      layout_rooms, mainiacjoe_overflow_concentric_impassable, serial_shops,
          kennysheep_mini_moat, uniq_prince_ribbit1
D:9:      layout_stronghold, nicolae_ru_awakened_eye, minmay_lair_entry_grove,
          guppyfry_early_elven_hall
D:10:     layout_loops_ring, nicolae_sif_muna_little_library,
          grunt_nemelex_the_gamble, hiddenorc1_lemuel,
          chequers_serial_rivers_small_b, grunt_tough_drop
D:11:     minmay_tearing_corner, layout_loops_corners, nicolae_shop_clearance,
          uniq_josephine, uniq_erica, uniq_erolcha
D:12:     layout_grid_maze, uniq_jorgrun
D:13:     layout_stronghold
D:14:     layout_roguey, david_vaults_4, hangedman_decor_points, serial_curves,
          eino_curves_01, eino_curves_02, eino_curves_04, eino_curves_02,
          chequers_guarded_unrand_ignorance
D:15:     grunt_enter_depths_snipers, layout_irregular_city,
          serial_park_tiny_pond, uniq_louise, uniq_nessos
Temple:   hellmonk_temple_rainy
Lair:1:   layout_cave_pods, grunt_megastairs_4, lemuel_fruit_fields, uniq_harold
Lair:2:   layout_misc_corridors, minmay_snake_entry_guardpost_small,
          beast_lair_carwin_10, infiniplex_staircase_pool
Lair:3:   layout_misc_corridors, minmay_swamp_entry_worms, special_room
          [special_room_bee], minmay_holes, minivault_11, serial_bayou_shore_b
Lair:4:   layout_small_grid, slime_entry_1, uniq_kirke
Lair:5:   hellmonk_lair_end_abyssal_woods, layout_loops_ring,
          nicolae_lair_liquid_snakes, grunt_megastairs_3
Swamp:1:  layout_basic_swamp, evilmike_swamp_ruin_house_4
Swamp:2:  layout_falls_marsh, nicolae_swamp_stair_fork, uniq_roxanne,
          uniq_donald
Swamp:3:  layout_falls_marsh, serial_swamp_ruin, evilmike_swamp_ruin_house_6,
          hangedman_swamp_ruin_wall, evilmike_swamp_ruin_house_3
Swamp:4:  swamp_basic_johnstein, layout_basic_swamp, uniq_nikola
Snake:1:  layout_misc_corridors, serial_shops, nicolae_shop_window_shopping,
          basic_altar, uniq_aizul
Snake:2:  layout_misc_corridors, serial_bayou_shore_a
Snake:3:  layout_onion_interference, nicolae_integral_box
Snake:4:  snake_pit, layout_misc_corridors
Orc:1:    layout_caves, uniq_nergalle
Orc:2:    st_orc_elflike, layout_caves, minmay_orc_temple_a, uniq_saint_roka,
          uniq_snorg
Vaults:1: ontoclasm_vaults_twist, ontoclasm_vaults_chip, vaults_dpeg_diagonal,
          v_alt_pattern_3, ontoclasm_vaults_loading_screen, v_misc_19,
          st_hourglassy, v_pattern_1, vaults_room_corners,
          grunt_vaults_trifunnel, serial_ice_h, dpeg_vaults_monster_box,
          layout_vaults_big_room, serial_shops,
          nicolae_shop_temple_entry_statues_fountains
Vaults:2: hangedman_vaults_stretched_pinwheel, vaults_dpeg_cross,
          vaults_room_semicircle, st_squares, nicolae_vaults_hallways_thing,
          dpeg_vaults_monster_row, vaults_room_door_ring,
          vaults_room_semicircle, v_misc_22, vaults_mumra_chevron,
          layout_vaults_ring, dummy_crypt_entry, uniq_jory
Vaults:3: hangedman_vaults_locks, nicolae_vaults_theta,
          nicolae_vaults_little_ls, v_rooms_5, v_pattern_4,
          hangedman_vaults_capsules, ontoclasm_vaults_chip, vaults_dpeg_ring,
          layout_vaults_omnigrid
Vaults:4: v_misc_8, vaults_room_fours, v_misc_27, hangedman_vaults_maws,
          grunt_vaults_twisty, v_rooms_3, hangedman_vaults_cutoff,
          nicolae_vaults_little_squares_5, ontoclasm_vaults_tryst,
          ontoclasm_vaults_shout, nicolae_vaults_little_squares_6,
          vaults_room_hallway, nicolae_vaults_little_squares_5,
          ontoclasm_vaults_idyll, layout_vaults_omnicross, serial_shops, shop
Vaults:5
Depths:1: layout_long_grid, hellmonk_ghost_happy_afterlife,
          kennysheep_decorative_pillar, pf_hell_entry_tar_spiral,
          serial_sigils_hangedman_clutch, chequers_serial_rivers_micro_e,
          kennysheep_generic_room_15, uniq_asterion
Depths:2: dreamdust_experimentation, layout_cave_pools, rand_demon_pan_entry_9,
          abyss_entry, infiniplex_enter_wizlab_water, hell_entry,
          nicolae_uskayaw_murder_on_the_dancefloor,
          nicolae_shop_sticking_my_neck_out
Depths:3: wad_lake_hut, layout_basic, muffindrake_ghost_dual_entry, hell_entry,
          serial_shops, nicolae_shop_crystal, shop_coins,
          nicolae_shop_advertising_works [nicolae_subvault_shop_adworks],
          nicolae_shop_overgrown_old_shop, marbit_kobold_abyss_entry,
          infiniplex_staircase_pillars_2
Depths:4: grunt_zot_entry_pinwheel, layout_basic, enter_ziggurat_b,
          interstate_on_off, serial_curves, eino_curves_02, eino_curves_02,
          hell_entry
Zot:1:    layout_onion_interference, hangedman_elemental_grid_stream,
          uniq_parghit

Skill      XL: |  1  2  3  4  5  6  7  8  9 10 11 12 13 14 15 16 17 18 19 20 21 22 23 |
---------------+----------------------------------------------------------------------+-----
Axes           | 2 3 4 5 7 8 9 10 11 13 14 17 18 | 18.0
Shields        | 4 5 6 7 8 9 10 11 12 14 16 17 18 19 | 19.9
Fighting       | 4 6 7 8 9 10 12 14 15 18 19 20 22 23 | 23.7
Invocations    | 4 6 9 10 | 10.0
Throwing       | 1 2 3 4 5 7 9 10 11 12 13 | 13.0
Dodging        | 2 3 5 6 7 |  7.0
Armour         | 4 6 7 9 10 12 15 16 18 20 21 22 | 22.0

Action                   |  1- 3 |  4- 6 |  7- 9 | 10-12 | 13-15 | 16-18 | 19-21 | 22-24 || total
-------------------------+-------+-------+-------+-------+-------+-------+-------+-------++-------
Melee: War axe           |   109 |    77 |   219 |   435 |   161 |   337 |       |       ||  1338
       Hand axe          |       |       |       |       |  1269 |   416 |       |       ||  1685
       Broad axe         |       |       |       |       |       |   791 |  1352 |  1132 ||  3275
Throw: Javelin           |       |       |    23 |    51 |    71 |    83 |   110 |    92 ||   430
       Boomerang         |       |       |     5 |    17 |   100 |    30 |     1 |       ||   153
Invok: Heroism           |       |       |    14 |    28 |    37 |    57 |    39 |    42 ||   217
       Finesse           |       |       |       |     1 |     7 |    10 |     7 |    14 ||    39
  Use: Scroll            |    10 |     2 |     9 |     5 |     3 |     8 |     4 |     8 ||    49
       Potion            |     2 |       |     5 |     4 |     2 |     1 |     1 |     1 ||    16
 Stab: Petrified         |       |       |       |     3 |       |       |       |       ||     3
       Petrifying        |       |       |       |     2 |       |       |       |       ||     2
       Distracted        |       |       |       |       |       |       |       |     1 ||     1
Armor: Scale mail        |    36 |       |       |       |   162 |   166 |       |       ||   364
       Plate armour      |    10 |    41 |   101 |   138 |   386 |   369 |   457 |   610 ||  2112
Dodge: Dodged            |    48 |    14 |    31 |    98 |   273 |   309 |   305 |   399 ||  1477
Block: Buckler           |     3 |       |       |       |       |       |       |       ||     3
       Kite shield       |    22 |    24 |   171 |   347 |   928 |   770 |  1246 |   865 ||  4373
       Reflection        |       |       |     6 |     8 |    23 |    96 |   122 |    15 ||   270
       Tower shield      |       |       |       |       |       |   675 |       |   158 ||   833

Table legend:
 A = Non-vault XP
 B = Vault XP
 C = Vault XP percentage of total XP
 D = Non-vault monster count
 E = Vault monster count
 F = Vault count percentage of total count
                 A         B        C        D         E       F
            +---------+---------+-------+---------+---------+-------
      Total |  499404 |  379458 |  43.2 |    1126 |     608 |  35.1
            +---------+---------+-------+---------+---------+-------
        D:1 |      16 |       0 |   0.0 |      12 |       0 |   0.0
        D:2 |      17 |       0 |   0.0 |       7 |       0 |   0.0
        D:3 |      18 |       0 |   0.0 |       9 |       0 |   0.0
        D:4 |     164 |       3 |   1.8 |      22 |       1 |   4.3
        D:5 |     414 |     373 |  47.4 |      14 |       6 |  30.0
        D:6 |     489 |     424 |  46.4 |       8 |       1 |  11.1
        D:7 |    1470 |       0 |   0.0 |      36 |       0 |   0.0
        D:8 |    2056 |     277 |  11.9 |      18 |       1 |   5.3
        D:9 |    1798 |    2602 |  59.1 |      37 |      13 |  26.0
       D:10 |    4887 |    1145 |  19.0 |      29 |      20 |  40.8
       D:11 |    3217 |   15684 |  83.0 |      16 |      24 |  60.0
       D:12 |    5520 |    2014 |  26.7 |      17 |       1 |   5.6
       D:13 |    6131 |       0 |   0.0 |      14 |       0 |   0.0
       D:14 |   10127 |    1741 |  14.7 |      18 |       3 |  14.3
       D:15 |    7543 |    5203 |  40.8 |      15 |       5 |  25.0
     Lair:1 |    2206 |    2327 |  51.3 |      11 |       7 |  38.9
     Lair:2 |    6862 |    3825 |  35.8 |      31 |      15 |  32.6
     Lair:3 |    8854 |    3215 |  26.6 |      32 |      32 |  50.0
     Lair:4 |    9610 |    1554 |  13.9 |      33 |       2 |   5.7
     Lair:5 |    7815 |   12887 |  62.3 |      21 |      56 |  72.7
    Swamp:1 |   11955 |       0 |   0.0 |      23 |       0 |   0.0
    Swamp:2 |   11398 |    2683 |  19.1 |      18 |       2 |  10.0
    Swamp:3 |   16900 |       0 |   0.0 |      30 |       0 |   0.0
    Swamp:4 |   17072 |   22359 |  56.7 |      25 |      33 |  56.9
    Snake:1 |   13880 |    1147 |   7.6 |      29 |       1 |   3.3
    Snake:2 |   20754 |       0 |   0.0 |      45 |       0 |   0.0
    Snake:3 |   23272 |       0 |   0.0 |      43 |       0 |   0.0
    Snake:4 |   20254 |   22061 |  52.1 |      41 |      33 |  44.6
      Orc:1 |    5308 |     763 |  12.6 |      46 |       1 |   2.1
      Orc:2 |    2209 |   13155 |  85.6 |      27 |      47 |  63.5
   Vaults:1 |   12016 |   23592 |  66.3 |      16 |      33 |  67.3
   Vaults:2 |   38933 |   13368 |  25.6 |      57 |      15 |  20.8
   Vaults:3 |   19822 |   23818 |  54.6 |      37 |      30 |  44.8
   Vaults:4 |   36289 |   50575 |  58.2 |      56 |      63 |  52.9
   Vaults:5 |   25055 |   86077 |  77.5 |      36 |      63 |  63.6
   Depths:1 |   30683 |    1793 |   5.5 |      35 |       1 |   2.8
   Depths:2 |   24095 |    9878 |  29.1 |      31 |      13 |  29.5
   Depths:3 |   39295 |     572 |   1.4 |      52 |       3 |   5.5
   Depths:4 |   17054 |   18367 |  51.9 |      18 |      16 |  47.1
      Zot:1 |   16275 |   11388 |  41.2 |      14 |      10 |  41.7
    Abyss:1 |   17671 |       0 |   0.0 |      47 |       0 |   0.0
     WizLab |       0 |   24588 | 100.0 |       0 |      57 | 100.0
            +---------+---------+-------+---------+---------+-------
